Workbook
Name \a: #REF!
Name \a: #REF!
Name \a: #REF!
Name \a: #REF!
Name \a: #REF!
Name \a: #REF!
Name \a: #REF!
Name \a: #REF!
Name \a: #REF!
Name \E: #REF!
Name \E: #REF!
Name \E: #REF!
Name \E: #REF!
Name \E: #REF!
Name \E: #REF!
Name \E: #REF!
Name \E: #REF!
Name \E: #REF!
Name \m: #REF!
Name \m: #REF!
Name \m: #REF!
Name \m: #REF!
Name \m: #REF!
Name \m: #REF!
Name \m: #REF!
Name \m: #REF!
Name \m: #REF!
Name \n: #REF!
Name \n: #REF!
Name \n: #REF!
Name \n: #REF!
Name \n: #REF!
Name \n: #REF!
Name \n: #REF!
Name \n: #REF!
Name \n: #REF!
Name \o: #REF!
Name \o: #REF!
Name \o: #REF!
Name \o: #REF!
Name \o: #REF!
Name \o: #REF!
Name \o: #REF!
Name \o: #REF!
Name \o: #REF!
Name \WERYH: #REF!
Name \WERYH: #REF!
Name \WERYH: #REF!
Name \WERYH: #REF!
Name \WERYH: #REF!
Name \WERYH: #REF!
Name \WERYH: #REF!
Name \WERYH: #REF!
Name \WERYH: #REF!
Name \ыфвп: #REF!
Name \ыфвп: #REF!
Name \ыфвп: #REF!
Name \ыфвп: #REF!
Name \ыфвп: #REF!
Name \ыфвп: #REF!

Sheet Калькуляция
I1: Приложение №2 к приказу
I2: Министерства здравоохранения РК
I3: №13 от 10 января 2002 года
L5: Форма 2.2
C6: К А Л Ь К У Л Я Ц И Я
B8: наименование организации | C8: =[84]прейскурант.!A4 -> ГКП на ПХВ "Городская больница №2" УЗ г.Шымкент
B9: Дата утверждения
B10: Номер прейскуранта
B11: Калькуляционная единица | D11: одна услуга
A13: № п/п | B13: Наименование услуг | C13: Прямые затраты | G13: Всего прямые затраты | H13: Накладные расходы | J13: Всего себестоимость услуг | K13: Рентабельность | M13: Цена услуги с учетом рентабельности (прибыли)
C14: материальные затраты | D14: затраты на оплату труда | F14: износ основных средств
C15: сырье и материалы | D15: заработная плата работников выполняющих данную услугу | E15: взносы работодателей | H15: % | I15: в тенге | K15: % | L15: в тенге
A16: 1 | B16: 2 | C16: 3 | D16: 6 | E16: 7 | F16: 8 | G16: 9 | H16: 10 | I16: 11 | J16: 12 | K16: 13 | L16: 14 | M16: 15 | N16: Тарификатор
B17: Консультативный прием
A18: =[84]хронометраж!A8 -> KON 01 | B18: =[85]Калькуляция!B20 -> Консультативный прием терапевтического профиля (терапевт, педиатр, гастроэтеролог, эндокринолог, невропотолог, ревматолог, пульмонолог, кардиолог, аллерголог, нефролог, инфекционист, сосудистый хирург, гематолог) | C18: =[85]Калькуляция!C20 -> 267.766 | D18: =[85]Калькуляция!D20 -> 1446.1178 | E18: =[85]Калькуляция!E20 -> 159.07296 | F18: =[85]Калькуляция!F20 -> 66.133947 | G18: =SUM(C18:F18) -> 1939.0907 | H18: 1.5 | I18: =D18*H18 -> 2169.1767 | J18: =G18+I18 -> 4108.2674 | K18: 0.2 | L18: =J18*K18 -> 821.65348 | M18: =ROUNDUP((J18+L18)/100,0)*100 -> 5000 | N18: 2200-3000
A19: =[84]хронометраж!A9 -> KON 02 | B19: =[84]хронометраж!B9 -> Консультативный прием хирургического профиля (акушер-гинеколог, онколог, маммолог, офтальмолог, профпатолог, проктолог, хирург, уролог, оториноларинголог, стомотолог) | C19: ='[84]ЛСИМН (кон)'!H24 -> 207.846 | D19: =[84]тариф!AC12+[84]тариф!AC14+[84]тариф!AC13 -> 1649.9007 | E19: =[84]тариф!AD12+[84]тариф!AD14+[84]тариф!AD13 -> 181.48908 | F19: ='[84]Расч износ здан'!$K$22/8 -> 66.133947 | G19: =SUM(C19:F19) -> 2105.3697 | H19: =$H$18 -> 1.5 | I19: =D19*H19 -> 2474.851 | J19: =G19+I19 -> 4580.2208 | K19: 0.2 | L19: =J19*K19 -> 916.04415 | M19: =ROUNDUP((J19+L19)/100,0)*100 -> 5500
A20: KON 04 | B20: Консультация нейрохирурга | C20: ='[84]ЛСИМН (кон)'!H31 -> 235.3308 | D20: =[84]тариф!AC15+[84]тариф!AC16+[84]тариф!AC17 -> 3057.817 | E20: =[84]тариф!AD15+[84]тариф!AD16+[84]тариф!AD17 -> 336.35987 | F20: ='[84]Расч износ здан'!$K$22/8 -> 66.133947 | G20: =SUM(C20:F20) -> 3695.6416 | H20: =$H$18 -> 1.5 | I20: =D20*H20 -> 4586.7255 | J20: =G20+I20 -> 8282.3671 | K20: 0.2 | L20: =J20*K20 -> 1656.4734 | M20: =ROUNDUP((J20+L20)/100,0)*100 -> 10000
B21: =[84]хронометраж!A11 -> Консультативный прием на дому
A22: =[84]хронометраж!A12 -> KPD 01 | B22: =[84]хронометраж!B12 -> Консультативный прием терапевтического профиля (терапевт, педиатр, гастроэтеролог, эндокринолог, невропотолог, ревматолог, пульмонолог, кардиолог, аллерголог, нефролог, инфекционист, сосудистый хирург) на дому | C22: ='[84]ЛСИМН (кон)'!H38 -> 267.766 | D22: =[84]тариф!AC18+[84]тариф!AC19+[84]тариф!AC20 -> 2191.6599 | E22: =[84]тариф!AD18+[84]тариф!AD19+[84]тариф!AD20 -> 241.08259 | F22: ='[84]износ ОС'!L16 -> 100.75397 | G22: =SUM(C22:F22) -> 2801.2625 | H22: 2 | I22: =D22*H22 -> 4383.3199 | J22: =G22+I22 -> 7184.5823 | K22: 0.2 | L22: =J22*K22 -> 1436.9165 | M22: =ROUNDUP((J22+L22)/100,0)*100 -> 8700
A23: =[84]хронометраж!A13 -> KPD 02 | B23: =[84]хронометраж!B13 -> Консультативный прием хирургического профиля (акушер-гинеколог, онколог, маммолог, офтальмолог, профпатолог, проктолог, хирург, уролог, оториноларинголог, стомотолог) на дому | C23: ='[84]ЛСИМН (кон)'!H45 -> 207.846 | D23: =[84]тариф!AC21+[84]тариф!AC23+[84]тариф!AC22 -> 2348.4154 | E23: =[84]тариф!AD21+[84]тариф!AD23+[84]тариф!AD20 -> 243.88407 | F23: ='[84]износ ОС'!L16 -> 100.75397 | G23: =SUM(C23:F23) -> 2900.8994 | H23: 2 | I23: =D23*H23 -> 4696.8308 | J23: =G23+I23 -> 7597.7302 | K23: =$K$18 -> 0.2 | L23: =J23*K23 -> 1519.546 | M23: =ROUNDUP((J23+L23)/100,0)*100 -> 9200
B24: Медицинский осмотр
A25: MOO 01 | B25: Медицинское обследование лиц, поступающих на учебу, работу по форме№075/У (терапевт, нарколог, психиатр, наркотест, профпатолог,микрореакция, флюорография) | C25: 1100 | D25: =[84]тариф!AC26+[84]тариф!AC27+[84]тариф!AC28+[84]тариф!AC29+[84]тариф!AC36+[84]тариф!AC35 -> 807.86295 | E25: =[84]тариф!AD26+[84]тариф!AD27+[84]тариф!AD28+[84]тариф!AD29+[84]тариф!AD36+[84]тариф!AD35 -> 88.864925 | F25: ='[84]Расч износ здан'!$K$22/8 -> 66.133947 | G25: =SUM(C25:F25) -> 2062.8618 | H25: =$H$18 -> 1.5 | I25: =D25*H25 -> 1211.7944 | J25: =G25+I25 -> 3274.6563 | K25: 0.2 | L25: =J25*K25 -> 654.93125 | M25: =ROUNDUP((J25+L25)/100,0)*100 -> 4000
B26: =[84]хронометраж!A14 -> Рентген
A27: REN 01 | B27: ='[86]калькуляция рентген'!B7 -> Рентгенография таза | C27: ='[86]калькуляция рентген'!J7 -> 1145.71 | D27: ='[86]калькуляция рентген'!H7 -> 170.14254 | E27: ='[86]калькуляция рентген'!I7 -> 14.547187 | F27: ='[86]калькуляция рентген'!K7 -> 974.16388 | G27: =SUM(C27:F27) -> 2304.5636 | H27: 1.14 | I27: =D27*H27 -> 193.9625 | J27: =G27+I27 -> 2498.5261 | K27: =$K$18 -> 0.2 | L27: =J27*K27 -> 499.70522 | M27: =ROUNDUP((J27+L27)/100,0)*100 -> 3000 | N27: 3000 | O27: =M27-N27 -> 0
A28: REN 02 | B28: ='[86]калькуляция рентген'!B8 -> R-графия тазобедренного сустава | C28: ='[86]калькуляция рентген'!J8 -> 1145.71 | D28: ='[86]калькуляция рентген'!H8 -> 170.14254 | E28: ='[86]калькуляция рентген'!I8 -> 14.547187 | F28: ='[86]калькуляция рентген'!K8 -> 974.16388 | G28: =SUM(C28:F28) -> 2304.5636 | H28: 1.14 | I28: =D28*H28 -> 193.9625 | J28: =G28+I28 -> 2498.5261 | K28: =$K$18 -> 0.2 | L28: =J28*K28 -> 499.70522 | M28: =ROUNDUP((J28+L28)/100,0)*100 -> 3000 | N28: 3000 | O28: =M28-N28 -> 0
A29: REN 03 | B29: ='[86]калькуляция рентген'!B9 -> R-графия лёгких (обзорная) | C29: ='[86]калькуляция рентген'!J9 -> 1145.71 | D29: ='[86]калькуляция рентген'!H9 -> 173.86738 | E29: ='[86]калькуляция рентген'!I9 -> 14.865661 | F29: ='[86]калькуляция рентген'!K9 -> 974.16388 | G29: =SUM(C29:F29) -> 2308.6069 | H29: 1.14 | I29: =D29*H29 -> 198.20881 | J29: =G29+I29 -> 2506.8157 | K29: =$K$18 -> 0.2 | L29: =J29*K29 -> 501.36315 | M29: =ROUNDUP((J29+L29)/100,0)*100-100 -> 3000 | N29: 3000 | O29: =M29-N29 -> 0
A30: REN 04 | B30: ='[86]калькуляция рентген'!B10 -> R-графия лёгких (боковая) | C30: ='[86]калькуляция рентген'!J10 -> 1145.71 | D30: ='[86]калькуляция рентген'!H10 -> 118.03136 | E30: ='[86]калькуляция рентген'!I10 -> 10.091681 | F30: ='[86]калькуляция рентген'!K10 -> 711.88899 | G30: =SUM(C30:F30) -> 1985.722 | H30: 1.14 | I30: =D30*H30 -> 134.55575 | J30: =G30+I30 -> 2120.2778 | K30: =$K$18 -> 0.2 | L30: =J30*K30 -> 424.05556 | M30: =ROUNDUP((J30+L30)/100,0)*100-100 -> 2500 | N30: 2500 | O30: =M30-N30 -> 0
A31: REN 05 | B31: ='[86]калькуляция рентген'!B11 -> R-графия брюшной полости | C31: ='[86]калькуляция рентген'!J11 -> 1145.71 | D31: ='[86]калькуляция рентген'!H11 -> 223.30751 | E31: ='[86]калькуляция рентген'!I11 -> 19.092792 | F31: ='[86]калькуляция рентген'!K11 -> 1311.3745 | G31: =SUM(C31:F31) -> 2699.4848 | H31: 1.14 | I31: =D31*H31 -> 254.57056 | J31: =G31+I31 -> 2954.0553 | K31: =$K$18 -> 0.2 | L31: =J31*K31 -> 590.81106 | M31: =ROUNDUP((J31+L31)/100,0)*100-100 -> 3500 | N31: 3500 | O31: =M31-N31 -> 0
A32: REN 06 | B32: ='[86]калькуляция рентген'!B12 -> Внутривенная урография | C32: ='[86]калькуляция рентген'!J12 -> 1145.71 | D32: ='[86]калькуляция рентген'!H12 -> 616.79415 | E32: ='[86]калькуляция рентген'!I12 -> 52.7359 | F32: ='[86]калькуляция рентген'!K12 -> 3334.6379 | G32: =SUM(C32:F32) -> 5149.878 | H32: 1.14 | I32: =D32*H32 -> 703.14533 | J32: =G32+I32 -> 5853.0233 | K32: =$K$18 -> 0.2 | L32: =J32*K32 -> 1170.6047 | M32: =ROUNDUP((J32+L32)/100,0)*100-100 -> 7000 | N32: 7000 | O32: =M32-N32 -> 0
A33: REN 07 | B33: ='[86]калькуляция рентген'!B13 -> R-графия грудного отдела позвоночника ( в 1 проекции) | C33: ='[86]калькуляция рентген'!J13 -> 1145.71 | D33: ='[86]калькуляция рентген'!H13 -> 284.44906 | E33: ='[86]калькуляция рентген'!I13 -> 24.320394 | F33: ='[86]калькуляция рентген'!K13 -> 1686.0529 | G33: =SUM(C33:F33) -> 3140.5323 | H33: 1.14 | I33: =D33*H33 -> 324.27193 | J33: =G33+I33 -> 3464.8043 | K33: =$K$18 -> 0.2 | L33: =J33*K33 -> 692.96085 | M33: =ROUNDUP((J33+L33)/100,0)*100 -> 4200 | N33: 4200 | O33: =M33-N33 -> 0
A34: REN 08 | B34: ='[86]калькуляция рентген'!B14 -> R-графия грудного отдела позвоночника ( в 2 проекции) | C34: ='[86]калькуляция рентген'!J14 -> 1145.71 | D34: ='[86]калькуляция рентген'!H14 -> 284.44906 | E34: ='[86]калькуляция рентген'!I14 -> 24.320394 | F34: ='[86]калькуляция рентген'!K14 -> 1686.0529 | G34: =SUM(C34:F34) -> 3140.5323 | H34: 1.14 | I34: =D34*H34 -> 324.27193 | J34: =G34+I34 -> 3464.8043 | K34: =$K$18 -> 0.2 | L34: =J34*K34 -> 692.96085 | M34: =ROUNDUP((J34+L34)/100,0)*100 -> 4200 | N34: 4200 | O34: =M34-N34 -> 0
A35: REN 09 | B35: ='[86]калькуляция рентген'!B15 -> R-графия черепа ( в 1 проекции) | C35: ='[86]калькуляция рентген'!J15 -> 499.11 | D35: ='[86]калькуляция рентген'!H15 -> 273.81972 | E35: ='[86]калькуляция рентген'!I15 -> 23.411586 | F35: ='[86]калькуляция рентген'!K15 -> 1592.3833 | G35: =SUM(C35:F35) -> 2388.7246 | H35: 1.14 | I35: =D35*H35 -> 312.15448 | J35: =G35+I35 -> 2700.8791 | K35: =$K$18 -> 0.2 | L35: =J35*K35 -> 540.17581 | M35: =ROUNDUP((J35+L35)/100,0)*100-100 -> 3200 | N35: 3200 | O35: =M35-N35 -> 0
A36: REN 10 | B36: ='[86]калькуляция рентген'!B16 -> R-графия черепа ( в 2 проекциях) | C36: ='[86]калькуляция рентген'!J16 -> 499.11 | D36: ='[86]калькуляция рентген'!H16 -> 248.30932 | E36: ='[86]калькуляция рентген'!I16 -> 21.230446 | F36: ='[86]калькуляция рентген'!K16 -> 1367.5762 | G36: =SUM(C36:F36) -> 2136.226 | H36: 1.14 | I36: =D36*H36 -> 283.07262 | J36: =G36+I36 -> 2419.2986 | K36: =$K$18 -> 0.2 | L36: =J36*K36 -> 483.85972 | M36: =ROUNDUP((J36+L36)/100,0)*100-100 -> 2900 | N36: 2900 | O36: =M36-N36 -> 0
A37: REN 11 | B37: ='[86]калькуляция рентген'!B17 -> R-графия пояснично-крестцового отдела позвоночника ( в 1 проекции) | C37: ='[86]калькуляция рентген'!J17 -> 1145.71 | D37: ='[86]калькуляция рентген'!H17 -> 284.44906 | E37: ='[86]калькуляция рентген'!I17 -> 24.320394 | F37: ='[86]калькуляция рентген'!K17 -> 1686.0529 | G37: =SUM(C37:F37) -> 3140.5323 | H37: 1.14 | I37: =D37*H37 -> 324.27193 | J37: =G37+I37 -> 3464.8043 | K37: =$K$18 -> 0.2 | L37: =J37*K37 -> 692.96085 | M37: =ROUNDUP((J37+L37)/100,0)*100 -> 4200 | N37: 4200 | O37: =M37-N37 -> 0
A38: REN 12 | B38: ='[86]калькуляция рентген'!B18 -> R-графия пояснично-крестцового отдела позвоночника ( в 2 проекциях) | C38: ='[86]калькуляция рентген'!J18 -> 1145.71 | D38: ='[86]калькуляция рентген'!H18 -> 307.8336 | E38: ='[86]калькуляция рентген'!I18 -> 26.319773 | F38: ='[86]калькуляция рентген'!K18 -> 1892.126 | G38: =SUM(C38:F38) -> 3371.9894 | H38: 1.14 | I38: =D38*H38 -> 350.9303 | J38: =G38+I38 -> 3722.9197 | K38: =$K$18 -> 0.2 | L38: =J38*K38 -> 744.58393 | M38: =ROUNDUP((J38+L38)/100,0)*100 -> 4500 | N38: 4500 | O38: =M38-N38 -> 0
A39: REN 13 | B39: ='[86]калькуляция рентген'!B19 -> R-графия шейного отдела позвоночника ( в 1 проекции) | C39: ='[86]калькуляция рентген'!J19 -> 499.11 | D39: ='[86]калькуляция рентген'!H19 -> 269.56799 | E39: ='[86]калькуляция рентген'!I19 -> 23.048063 | F39: ='[86]калькуляция рентген'!K19 -> 1554.9154 | G39: =SUM(C39:F39) -> 2346.6415 | H39: 1.14 | I39: =D39*H39 -> 307.30751 | J39: =G39+I39 -> 2653.949 | K39: =$K$18 -> 0.2 | L39: =J39*K39 -> 530.7898 | M39: =ROUNDUP((J39+L39)/100,0)*100 -> 3200 | N39: 3200 | O39: =M39-N39 -> 0
A40: REN 14 | B40: ='[86]калькуляция рентген'!B20 -> R-графия шейного отдела позвоночника ( в 2 проекциях) | C40: ='[86]калькуляция рентген'!J20 -> 499.11 | D40: ='[86]калькуляция рентген'!H20 -> 305.70773 | E40: ='[86]калькуляция рентген'!I20 -> 26.138011 | F40: ='[86]калькуляция рентген'!K20 -> 1873.3921 | G40: =SUM(C40:F40) -> 2704.3478 | H40: 1.14 | I40: =D40*H40 -> 348.50681 | J40: =G40+I40 -> 3052.8546 | K40: =$K$18 -> 0.2 | L40: =J40*K40 -> 610.57093 | M40: =ROUNDUP((J40+L40)/100,0)*100 -> 3700 | N40: 3700 | O40: =M40-N40 -> 0
A41: REN 15 | B41: ='[86]калькуляция рентген'!B21 -> R-графия трубчатых костей ( в 1 проекциях) | C41: ='[86]калькуляция рентген'!J21 -> 499.11 | D41: ='[86]калькуляция рентген'!H21 -> 202.04884 | E41: ='[86]калькуляция рентген'!I21 -> 17.275176 | F41: ='[86]калькуляция рентген'!K21 -> 1124.0352 | G41: =SUM(C41:F41) -> 1842.4693 | H41: 1.14 | I41: =D41*H41 -> 230.33568 | J41: =G41+I41 -> 2072.8049 | K41: =$K$18 -> 0.2 | L41: =J41*K41 -> 414.56099 | M41: =ROUNDUP((J41+L41)/100,0)*100 -> 2500 | N41: 2500 | O41: =M41-N41 -> 0
A42: REN 16 | B42: ='[86]калькуляция рентген'!B22 -> R-графия трубчатых костей ( в 2 проекциях) | C42: ='[86]калькуляция рентген'!J22 -> 499.11 | D42: ='[86]калькуляция рентген'!H22 -> 267.44212 | E42: ='[86]калькуляция рентген'!I22 -> 22.866301 | F42: ='[86]калькуляция рентген'!K22 -> 1536.1815 | G42: =SUM(C42:F42) -> 2325.5999 | H42: 1.14 | I42: =D42*H42 -> 304.88402 | J42: =G42+I42 -> 2630.4839 | K42: =$K$18 -> 0.2 | L42: =J42*K42 -> 526.09679 | M42: =ROUNDUP((J42+L42)/100,0)*100 -> 3200 | N42: 3200 | O42: =M42-N42 -> 0
A43: REN 17 | B43: ='[86]калькуляция рентген'!B23 -> R-графия коленного сустава ( в 1 проекции ) | C43: ='[86]калькуляция рентген'!J23 -> 499.11 | D43: ='[86]калькуляция рентген'!H23 -> 202.04884 | E43: ='[86]калькуляция рентген'!I23 -> 17.275176 | F43: ='[86]калькуляция рентген'!K23 -> 1124.0352 | G43: =SUM(C43:F43) -> 1842.4693 | H43: 1.14 | I43: =D43*H43 -> 230.33568 | J43: =G43+I43 -> 2072.8049 | K43: =$K$18 -> 0.2 | L43: =J43*K43 -> 414.56099 | M43: =ROUNDUP((J43+L43)/100,0)*100 -> 2500 | N43: 2500 | O43: =M43-N43 -> 0
A44: REN 18 | B44: ='[86]калькуляция рентген'!B24 -> R-графия коленного сустава ( в 2 проекциях ) | C44: ='[86]калькуляция рентген'!J24 -> 499.11 | D44: ='[86]калькуляция рентген'!H24 -> 267.44212 | E44: ='[86]калькуляция рентген'!I24 -> 22.866301 | F44: ='[86]калькуляция рентген'!K24 -> 1536.1815 | G44: =SUM(C44:F44) -> 2325.5999 | H44: 1.14 | I44: =D44*H44 -> 304.88402 | J44: =G44+I44 -> 2630.4839 | K44: =$K$18 -> 0.2 | L44: =J44*K44 -> 526.09679 | M44: =ROUNDUP((J44+L44)/100,0)*100 -> 3200 | N44: 3200 | O44: =M44-N44 -> 0
A45: REN 19 | B45: ='[86]калькуляция рентген'!B25 -> R-графия голеностопного сустава ( в 1 проекции ) | C45: ='[86]калькуляция рентген'!J25 -> 499.11 | D45: ='[86]калькуляция рентген'!H25 -> 162.16597 | E45: ='[86]калькуляция рентген'!I25 -> 13.86519 | F45: ='[86]калькуляция рентген'!K25 -> 936.69604 | G45: =SUM(C45:F45) -> 1611.8372 | H45: 1.14 | I45: =D45*H45 -> 184.8692 | J45: =G45+I45 -> 1796.7064 | K45: =$K$18 -> 0.2 | L45: =J45*K45 -> 359.34128 | M45: =ROUNDUP((J45+L45)/100,0)*100 -> 2200 | N45: 2200 | O45: =M45-N45 -> 0
A46: REN 20 | B46: ='[86]калькуляция рентген'!B26 -> R-графия голеностопного сустава ( в 2 проекциях ) | C46: ='[86]калькуляция рентген'!J26 -> 499.11 | D46: ='[86]калькуляция рентген'!H26 -> 202.04884 | E46: ='[86]калькуляция рентген'!I26 -> 17.275176 | F46: ='[86]калькуляция рентген'!K26 -> 1124.0352 | G46: =SUM(C46:F46) -> 1842.4693 | H46: 1.14 | I46: =D46*H46 -> 230.33568 | J46: =G46+I46 -> 2072.8049 | K46: =$K$18 -> 0.2 | L46: =J46*K46 -> 414.56099 | M46: =ROUNDUP((J46+L46)/100,0)*100 -> 2500 | N46: 2500 | O46: =M46-N46 -> 0
A47: REN 21 | B47: ='[86]калькуляция рентген'!B27 -> R-графия локтевого сустава ( в 1 проекции ) | C47: ='[86]калькуляция рентген'!J27 -> 499.11 | D47: ='[86]калькуляция рентген'!H27 -> 162.16597 | E47: ='[86]калькуляция рентген'!I27 -> 13.86519 | F47: ='[86]калькуляция рентген'!K27 -> 936.69604 | G47: =SUM(C47:F47) -> 1611.8372 | H47: 1.14 | I47: =D47*H47 -> 184.8692 | J47: =G47+I47 -> 1796.7064 | K47: =$K$18 -> 0.2 | L47: =J47*K47 -> 359.34128 | M47: =ROUNDUP((J47+L47)/100,0)*100 -> 2200 | N47: 2200 | O47: =M47-N47 -> 0
A48: REN 22 | B48: ='[86]калькуляция рентген'!B28 -> R-графия локтевого сустава ( в 2 проекциях ) | C48: ='[86]калькуляция рентген'!J28 -> 499.11 | D48: ='[86]калькуляция рентген'!H28 -> 202.04884 | E48: ='[86]калькуляция рентген'!I28 -> 17.275176 | F48: ='[86]калькуляция рентген'!K28 -> 1124.0352 | G48: =SUM(C48:F48) -> 1842.4693 | H48: 1.14 | I48: =D48*H48 -> 230.33568 | J48: =G48+I48 -> 2072.8049 | K48: =$K$18 -> 0.2 | L48: =J48*K48 -> 414.56099 | M48: =ROUNDUP((J48+L48)/100,0)*100 -> 2500 | N48: 2500 | O48: =M48-N48 -> 0
... A53: REN 27 | B53: ='[86]калькуляция рентген'!B33 -> Гистеросальпингография | C53: ='[86]калькуляция рентген'!J33 -> 3384.61 | D53: ='[86]калькуляция рентген'!H33 -> 295.07839 | E53: ='[86]калькуляция рентген'!I33 -> 25.229203 | F53: ='[86]калькуляция рентген'!K33 -> 1779.7225 | G53: =SUM(C53:F53) -> 5484.6401 | H53: 1.14 | I53: =D53*H53 -> 336.38937 | J53: =G53+I53 -> 5821.0294 | K53: =$K$18 -> 0.2 | L53: =J53*K53 -> 1164.2059 | M53: =ROUNDUP((J53+L53)/100,0)*100 -> 7000 | N53: 7000 | O53: =M53-N53 -> 0
A54: REN 28 | B54: ='[86]калькуляция рентген'!B34 -> Флюорография | C54: ='[86]калькуляция рентген'!J34 -> 122.31 | D54: ='[86]калькуляция рентген'!H34 -> 83.475955 | E54: ='[86]калькуляция рентген'!I34 -> 7.1371942 | F54: ='[86]калькуляция рентген'!K34 -> 479.58837 | G54: =SUM(C54:F54) -> 692.51152 | H54: 1.14 | I54: =D54*H54 -> 95.162589 | J54: =G54+I54 -> 787.67411 | K54: =$K$18 -> 0.2 | L54: =J54*K54 -> 157.53482 | M54: =ROUNDUP((J54+L54)/100,0)*100-100 -> 900 | N54: 900 | O54: =M54-N54 -> 0
A55: REN 29 | B55: ='[86]калькуляция рентген'!B35 -> Прицельная R-графия пазух носа | C55: ='[86]калькуляция рентген'!J35 -> 499.11 | D55: ='[86]калькуляция рентген'!H35 -> 202.04884 | E55: ='[86]калькуляция рентген'!I35 -> 17.275176 | F55: ='[86]калькуляция рентген'!K35 -> 1124.0352 | G55: =SUM(C55:F55) -> 1842.4693 | H55: 1.14 | I55: =D55*H55 -> 230.33568 | J55: =G55+I55 -> 2072.8049 | K55: =$K$18 -> 0.2 | L55: =J55*K55 -> 414.56099 | M55: =ROUNDUP((J55+L55)/100,0)*100 -> 2500 | N55: 2500 | O55: =M55-N55 -> 0
A56: REN 30 | B56: ='[86]калькуляция рентген'!B36 -> Прицельная R-графия костей носа | C56: ='[86]калькуляция рентген'!J36 -> 499.11 | D56: ='[86]калькуляция рентген'!H36 -> 162.16597 | E56: ='[86]калькуляция рентген'!I36 -> 13.86519 | F56: ='[86]калькуляция рентген'!K36 -> 936.69604 | G56: =SUM(C56:F56) -> 1611.8372 | H56: 1.14 | I56: =D56*H56 -> 184.8692 | J56: =G56+I56 -> 1796.7064 | K56: =$K$18 -> 0.2 | L56: =J56*K56 -> 359.34128 | M56: =ROUNDUP((J56+L56)/100,0)*100 -> 2200 | N56: 2200 | O56: =M56-N56 -> 0
A57: REN 31 | B57: ='[86]калькуляция рентген'!B37 -> Прицельная R-графия костей стопы | C57: ='[86]калькуляция рентген'!J37 -> 499.11 | D57: ='[86]калькуляция рентген'!H37 -> 202.04884 | E57: ='[86]калькуляция рентген'!I37 -> 17.275176 | F57: ='[86]калькуляция рентген'!K37 -> 1124.0352 | G57: =SUM(C57:F57) -> 1842.4693 | H57: 1.14 | I57: =D57*H57 -> 230.33568 | J57: =G57+I57 -> 2072.8049 | K57: =$K$18 -> 0.2 | L57: =J57*K57 -> 414.56099 | M57: =ROUNDUP((J57+L57)/100,0)*100 -> 2500 | N57: 2500 | O57: =M57-N57 -> 0
A58: REN 32 | B58: ='[86]калькуляция рентген'!B38 -> Прицельная R-графия костей кисти | C58: ='[86]калькуляция рентген'!J38 -> 499.11 | D58: ='[86]калькуляция рентген'!H38 -> 258.93865 | E58: ='[86]калькуляция рентген'!I38 -> 22.139255 | F58: ='[86]калькуляция рентген'!K38 -> 1461.2458 | G58: =SUM(C58:F58) -> 2241.4337 | H58: 1.14 | I58: =D58*H58 -> 295.19006 | J58: =G58+I58 -> 2536.6238 | K58: =$K$18 -> 0.2 | L58: =J58*K58 -> 507.32476 | M58: =ROUNDUP((J58+L58)/100,0)*100-100 -> 3000 | N58: 3000 | O58: =M58-N58 -> 0
A59: REN 33 | B59: ='[86]калькуляция рентген'!B39 -> Томография | C59: ='[86]калькуляция рентген'!J39 -> 878.51 | D59: ='[86]калькуляция рентген'!H39 -> 263.19039 | E59: ='[86]калькуляция рентген'!I39 -> 22.502778 | F59: ='[86]калькуляция рентген'!K39 -> 1498.7137 | G59: =SUM(C59:F59) -> 2662.9168 | H59: 1.14 | I59: =D59*H59 -> 300.03704 | J59: =G59+I59 -> 2962.9539 | K59: =$K$18 -> 0.2 | L59: =J59*K59 -> 592.59077 | M59: =ROUNDUP((J59+L59)/100,0)*100 -> 3600 | N59: 3600 | O59: =M59-N59 -> 0
A60: REN 34 | B60: ='[86]калькуляция рентген'!B40 -> R-скопия легких | C60: ='[86]калькуляция рентген'!J40 -> 119.71 | D60: ='[86]калькуляция рентген'!H40 -> 172.7953 | E60: ='[86]калькуляция рентген'!I40 -> 14.773998 | F60: ='[86]калькуляция рентген'!K40 -> 1030.3656 | G60: =SUM(C60:F60) -> 1337.6449 | H60: 1.14 | I60: =D60*H60 -> 196.98664 | J60: =G60+I60 -> 1534.6316 | K60: =$K$18 -> 0.2 | L60: =J60*K60 -> 306.92632 | M60: =ROUNDUP((J60+L60)/100,0)*100-100 -> 1800 | N60: 1800 | O60: =M60-N60 -> 0
A61: REN 35 | B61: ='[86]калькуляция рентген'!B41 -> R-графия желудка | C61: ='[86]калькуляция рентген'!J41 -> 2890.81 | D61: ='[86]калькуляция рентген'!H41 -> 382.83901 | E61: ='[86]калькуляция рентген'!I41 -> 32.732735 | F61: ='[86]калькуляция рентген'!K41 -> 2060.7313 | G61: =SUM(C61:F61) -> 5367.113 | H61: 1.14 | I61: =D61*H61 -> 436.43647 | J61: =G61+I61 -> 5803.5495 | K61: =$K$18 -> 0.2 | L61: =J61*K61 -> 1160.7099 | M61: =ROUNDUP((J61+L61)/100,0)*100 -> 7000 | N61: 7000 | O61: =M61-N61 -> 0
A62: REN 36 | B62: ='[86]калькуляция рентген'!B42 -> R-графия пищевода и желудка | C62: ='[86]калькуляция рентген'!J42 -> 2890.81 | D62: ='[86]калькуляция рентген'!H42 -> 717.29167 | E62: ='[86]калькуляция рентген'!I42 -> 61.328438 | F62: ='[86]калькуляция рентген'!K42 -> 3859.1877 | G62: =SUM(C62:F62) -> 7528.6178 | H62: 1.14 | I62: =D62*H62 -> 817.71251 | J62: =G62+I62 -> 8346.3303 | K62: =$K$18 -> 0.2 | L62: =J62*K62 -> 1669.2661 | M62: =ROUNDUP((J62+L62)/100,0)*100-100 -> 10000 | N62: 10000 | O62: =M62-N62 -> 0
A63: REN 37 | B63: ='[86]калькуляция рентген'!B43 -> R-графия толстой кишки | C63: ='[86]калькуляция рентген'!J43 -> 2890.81 | D63: ='[86]калькуляция рентген'!H43 -> 832.0885 | E63: ='[86]калькуляция рентген'!I43 -> 71.143567 | F63: ='[86]калькуляция рентген'!K43 -> 4870.8194 | G63: =SUM(C63:F63) -> 8664.8615 | H63: 1.14 | I63: =D63*H63 -> 948.58089 | J63: =G63+I63 -> 9613.4424 | K63: =$K$18 -> 0.2 | L63: =J63*K63 -> 1922.6885 | M63: =ROUNDUP((J63+L63)/100,0)*100-100 -> 11500 | N63: 11500 | O63: =M63-N63 -> 0
B64: =[84]хронометраж!A52 -> УЗИ
A65: UZI 01 | B65: УЗИ комплекс (печени, желчного пузыря, поджелудочной железы, селезенки, почки) | C65: ='[87]калькуляция УЗИ'!J7 -> 515.41462 | D65: ='[87]калькуляция УЗИ'!H7 -> 1727.4212 | E65: ='[87]калькуляция УЗИ'!I7 -> 147.69452 | F65: ='[87]калькуляция УЗИ'!K7 -> 1607.7596 | G65: =SUM(C65:F65) -> 3998.2899 | H65: 1.14 | I65: =D65*H65 -> 1969.2602 | J65: =G65+I65 -> 5967.5501 | K65: =$K$18 -> 0.2 | L65: =J65*K65 -> 1193.51 | M65: =ROUNDUP((J65+L65)/100,0)*100 -> 7200 | N65: 4752.81 | O65: 5000 | P65: =(N65-C65-F65) -> 2629.6358 | Q65: =N65*45% -> 2138.7645
A66: UZI 02 | B66: УЗИ гепатобилиопанкреатической области (печени, желчного пузыря, поджелудочной железы, селезенки) | C66: ='[87]калькуляция УЗИ'!J8 -> 515.41462 | D66: ='[87]калькуляция УЗИ'!H8 -> 1425.5365 | E66: ='[87]калькуляция УЗИ'!I8 -> 121.88337 | F66: ='[87]калькуляция УЗИ'!K8 -> 1393.3916 | G66: =SUM(C66:F66) -> 3456.2262 | H66: 1.14 | I66: =D66*H66 -> 1625.1116 | J66: =G66+I66 -> 5081.3378 | K66: =$K$18 -> 0.2 | L66: =J66*K66 -> 1016.2676 | M66: =ROUNDUP((J66+L66)/100,0)*100 -> 6100 | N66: 4501.08 | O66: 4000
A67: UZI 03 | B67: УЗИ одного органа (печень, желчный пузырь, селезенка, поджелудочный железа, почки,молочных желез, мягких тканей, симфиза, мочевого пузыря с определением остаточной мочи) | C67: ='[87]калькуляция УЗИ'!J9 -> 515.41462 | D67: ='[87]калькуляция УЗИ'!H9 -> 912.98322 | E67: ='[87]калькуляция УЗИ'!I9 -> 78.060065 | F67: ='[87]калькуляция УЗИ'!K9 -> 937.85975 | G67: =SUM(C67:F67) -> 2444.3176 | H67: 1.14 | I67: =D67*H67 -> 1040.8009 | J67: =G67+I67 -> 3485.1185 | K67: =$K$18 -> 0.2 | L67: =J67*K67 -> 697.0237 | M67: =ROUNDUP((J67+L67)/100,0)*100 -> 4200
A68: UZI 04 | B68: УЗИ простаты+мочевого пузыря с определением остаточной мочи | C68: ='[87]калькуляция УЗИ'!J10 -> 515.41462 | D68: ='[87]калькуляция УЗИ'!H10 -> 1727.4212 | E68: ='[87]калькуляция УЗИ'!I10 -> 147.69452 | F68: ='[87]калькуляция УЗИ'!K10 -> 1607.7596 | G68: =SUM(C68:F68) -> 3998.2899 | H68: 1.14 | I68: =D68*H68 -> 1969.2602 | J68: =G68+I68 -> 5967.5501 | K68: =$K$18 -> 0.2 | L68: =J68*K68 -> 1193.51 | M68: =ROUNDUP((J68+L68)/100,0)*100 -> 7200
A69: UZI 05 | B69: УЗИ мошонки | C69: ='[87]калькуляция УЗИ'!J11 -> 515.41462 | D69: ='[87]калькуляция УЗИ'!H11 -> 1176.1824 | E69: ='[87]калькуляция УЗИ'!I11 -> 100.5636 | F69: ='[87]калькуляция УЗИ'!K11 -> 1152.2277 | G69: =SUM(C69:F69) -> 2944.3883 | H69: 1.14 | I69: =D69*H69 -> 1340.848 | J69: =G69+I69 -> 4285.2363 | K69: =$K$18 -> 0.2 | L69: =J69*K69 -> 857.04725 | M69: =ROUNDUP((J69+L69)/100,0)*100 -> 5200
A70: UZI 06 | B70: УЗИ при гинекологических заболеваниях | C70: ='[87]калькуляция УЗИ'!J12 -> 515.41462 | D70: ='[87]калькуляция УЗИ'!H12 -> 1225.8633 | E70: ='[87]калькуляция УЗИ'!I12 -> 104.81131 | F70: ='[87]калькуляция УЗИ'!K12 -> 1205.8197 | G70: =SUM(C70:F70) -> 3051.9089 | H70: 1.14 | I70: =D70*H70 -> 1397.4841 | J70: =G70+I70 -> 4449.393 | K70: =$K$18 -> 0.2 | L70: =J70*K70 -> 889.87859 | M70: =ROUNDUP((J70+L70)/100,0)*100 -> 5400
A71: UZI 07 | B71: УЗИ беременности | C71: ='[87]калькуляция УЗИ'!J13 -> 515.41462 | D71: ='[87]калькуляция УЗИ'!H13 -> 1225.8633 | E71: ='[87]калькуляция УЗИ'!I13 -> 104.81131 | F71: ='[87]калькуляция УЗИ'!K13 -> 1205.8197 | G71: =SUM(C71:F71) -> 3051.9089 | H71: 1.14 | I71: =D71*H71 -> 1397.4841 | J71: =G71+I71 -> 4449.393 | K71: =$K$18 -> 0.2 | L71: =J71*K71 -> 889.87859 | M71: =ROUNDUP((J71+L71)/100,0)*100 -> 5400
A72: UZI 08 | B72: УЗИ сердца | C72: ='[87]калькуляция УЗИ'!J14 -> 515.41462 | D72: ='[87]калькуляция УЗИ'!H14 -> 1425.5365 | E72: ='[87]калькуляция УЗИ'!I14 -> 121.88337 | F72: ='[87]калькуляция УЗИ'!K14 -> 1393.3916 | G72: =SUM(C72:F72) -> 3456.2262 | H72: 1.14 | I72: =D72*H72 -> 1625.1116 | J72: =G72+I72 -> 5081.3378 | K72: =$K$18 -> 0.2 | L72: =J72*K72 -> 1016.2676 | M72: =ROUNDUP((J72+L72)/100,0)*100 -> 6100
A73: UZI 09 | B73: УЗИ допплерография верхних конечностей вен | C73: ='[87]калькуляция УЗИ'!J15 -> 515.41462 | D73: ='[87]калькуляция УЗИ'!H15 -> 1275.5441 | E73: ='[87]калькуляция УЗИ'!I15 -> 109.05902 | F73: ='[87]калькуляция УЗИ'!K15 -> 1259.4117 | G73: =SUM(C73:F73) -> 3159.4294 | H73: 1.14 | I73: =D73*H73 -> 1454.1203 | J73: =G73+I73 -> 4613.5497 | K73: =$K$18 -> 0.2 | L73: =J73*K73 -> 922.70993 | M73: =ROUNDUP((J73+L73)/100,0)*100 -> 5600
A74: UZI 10 | B74: УЗИ допплерография верхних конечностей артерий | C74: ='[87]калькуляция УЗИ'!J16 -> 515.41462 | D74: ='[87]калькуляция УЗИ'!H16 -> 1275.5441 | E74: ='[87]калькуляция УЗИ'!I16 -> 109.05902 | F74: ='[87]калькуляция УЗИ'!K16 -> 1259.4117 | G74: =SUM(C74:F74) -> 3159.4294 | H74: 1.14 | I74: =D74*H74 -> 1454.1203 | J74: =G74+I74 -> 4613.5497 | K74: =$K$18 -> 0.2 | L74: =J74*K74 -> 922.70993 | M74: =ROUNDUP((J74+L74)/100,0)*100 -> 5600
A75: UZI 11 | B75: УЗИ допплерография нижних конечностей вен | C75: ='[87]калькуляция УЗИ'!J17 -> 515.41462 | D75: ='[87]калькуляция УЗИ'!H17 -> 1275.5441 | E75: ='[87]калькуляция УЗИ'!I17 -> 109.05902 | F75: ='[87]калькуляция УЗИ'!K17 -> 1259.4117 | G75: =SUM(C75:F75) -> 3159.4294 | H75: 1.14 | I75: =D75*H75 -> 1454.1203 | J75: =G75+I75 -> 4613.5497 | K75: =$K$18 -> 0.2 | L75: =J75*K75 -> 922.70993 | M75: =ROUNDUP((J75+L75)/100,0)*100 -> 5600
A76: UZI 12 | B76: УЗИ допплерография нижних конечностей артерий | C76: ='[87]калькуляция УЗИ'!J18 -> 515.41462 | D76: ='[87]калькуляция УЗИ'!H18 -> 1275.5441 | E76: ='[87]калькуляция УЗИ'!I18 -> 109.05902 | F76: ='[87]калькуляция УЗИ'!K18 -> 1259.4117 | G76: =SUM(C76:F76) -> 3159.4294 | H76: 1.14 | I76: =D76*H76 -> 1454.1203 | J76: =G76+I76 -> 4613.5497 | K76: =$K$18 -> 0.2 | L76: =J76*K76 -> 922.70993 | M76: =ROUNDUP((J76+L76)/100,0)*100 -> 5600
A77: UZI 13 | B77: УЗИ допплерография почек | C77: ='[87]калькуляция УЗИ'!J19 -> 515.41462 | D77: ='[87]калькуляция УЗИ'!H19 -> 912.98322 | E77: ='[87]калькуляция УЗИ'!I19 -> 78.060065 | F77: ='[87]калькуляция УЗИ'!K19 -> 937.85975 | G77: =SUM(C77:F77) -> 2444.3176 | H77: 1.14 | I77: =D77*H77 -> 1040.8009 | J77: =G77+I77 -> 3485.1185 | K77: =$K$18 -> 0.2 | L77: =J77*K77 -> 697.0237 | M77: =ROUNDUP((J77+L77)/100,0)*100 -> 4200
A78: UZI 14 | B78: УЗДГ сосудов плода | C78: ='[87]калькуляция УЗИ'!J20 -> 515.41462 | D78: ='[87]калькуляция УЗИ'!H20 -> 1176.1824 | E78: ='[87]калькуляция УЗИ'!I20 -> 100.5636 | F78: ='[87]калькуляция УЗИ'!K20 -> 1152.2277 | G78: =SUM(C78:F78) -> 2944.3883 | H78: 1.14 | I78: =D78*H78 -> 1340.848 | J78: =G78+I78 -> 4285.2363 | K78: =$K$18 -> 0.2 | L78: =J78*K78 -> 857.04725 | M78: =ROUNDUP((J78+L78)/100,0)*100 -> 5200
A79: UZI 15 | B79: УЗДГ сосудов плода+плод | C79: ='[87]калькуляция УЗИ'!J21 -> 0 | D79: ='[87]калькуляция УЗИ'!H21 -> 2179.2984 | E79: ='[87]калькуляция УЗИ'!I21 -> 186.33001 | F79: ='[87]калькуляция УЗИ'!K21 -> 1956.1075 | G79: =SUM(C79:F79) -> 4321.7359 | H79: 1.14 | I79: =D79*H79 -> 2484.4001 | J79: =G79+I79 -> 6806.136 | K79: =$K$18 -> 0.2 | L79: =J79*K79 -> 1361.2272 | M79: =ROUNDUP((J79+L79)/100,0)*100 -> 8200
A80: UZI 16 | B80: Нейросонография | C80: ='[87]калькуляция УЗИ'!J22 -> 515.41462 | D80: ='[88]калькуляция УЗИ'!H7 -> 912.98322 | E80: ='[88]калькуляция УЗИ'!I7 -> 78.060065 | F80: ='[88]калькуляция УЗИ'!$K$7 -> 937.85975 | G80: =SUM(C80:F80) -> 2444.3176 | H80: 1.14 | I80: =D80*H80 -> 1040.8009 | J80: =G80+I80 -> 3485.1185 | K80: =$K$18 -> 0.2 | L80: =J80*K80 -> 697.0237 | M80: =ROUNDUP((J80+L80)/100,0)*100 -> 4200
A81: UZI 17 | B81: УЗИ суставов | C81: ='[87]калькуляция УЗИ'!J23 -> 515.41462 | D81: ='[87]калькуляция УЗИ'!H23 -> 1151.342 | E81: ='[87]калькуляция УЗИ'!I23 -> 98.43974 | F81: ='[87]калькуляция УЗИ'!K23 -> 1125.4317 | G81: =SUM(C81:F81) -> 2890.6281 | H81: 1.14 | I81: =D81*H81 -> 1312.5299 | J81: =G81+I81 -> 4203.1579 | K81: =$K$18 -> 0.2 | L81: =J81*K81 -> 840.63158 | M81: =ROUNDUP((J81+L81)/100,0)*100 -> 5100
B82: =[84]хронометраж!A66 -> Компьютерная томография
A83: KT 01 | B83: Компьютерная томография головного мозга без введения контрастного вещества | C83: =[89]КТ!J7 -> 1343.46 | D83: =[89]КТ!H7 -> 1338.3371 | E83: =[89]КТ!I7 -> 114.42782 | F83: =[89]КТ!K7 -> 6047.2158 | G83: =SUM(C83:F83) -> 8843.4407 | H83: 1.14 | I83: =D83*H83 -> 1525.7043 | J83: =G83+I83 -> 10369.145 | K83: =$K$18 -> 0.2 | L83: =J83*K83 -> 2073.829 | M83: =ROUNDUP((J83+L83)/100,0)*100 -> 12500 | N83: 9384.67 | O83: 12500 | P83: =(N83-C83-F83) -> 1993.9942 | Q83: =N83*12% -> 1126.1604 | R83: =Q83/P83 -> 0.56477616
A84: KT 02 | B84: Компьютерная томография органов грудной клетки без введения контрастного вещества | C84: =[89]КТ!J8 -> 1343.46 | D84: =[89]КТ!H8 -> 1338.3371 | E84: =[89]КТ!I8 -> 114.42782 | F84: =[89]КТ!K8 -> 6047.2158 | G84: =SUM(C84:F84) -> 8843.4407 | H84: 1.14 | I84: =D84*H84 -> 1525.7043 | J84: =G84+I84 -> 10369.145 | K84: =$K$18 -> 0.2 | L84: =J84*K84 -> 2073.829 | M84: =ROUNDUP((J84+L84)/100,0)*100 -> 12500
A85: KT 03 | B85: Компьютерная томография органов грудной клетки с болюсным введением контрастного вещества | C85: =[89]КТ!J9 -> 11461.47 | D85: =[89]КТ!H9 -> 2769.2094 | E85: =[89]КТ!I9 -> 236.7674 | F85: =[89]КТ!K9 -> 13543.209 | G85: =SUM(C85:F85) -> 28010.655 | H85: 1.14 | I85: =D85*H85 -> 3156.8987 | J85: =G85+I85 -> 31167.554 | K85: =$K$18 -> 0.2 | L85: =J85*K85 -> 6233.5108 | M85: =ROUNDUP((J85+L85)/100,0)*100 -> 37500
A86: KT 04 | B86: Компьютерная томография органов брюшной полости без введения контрастного вещества | C86: =[89]КТ!J10 -> 1343.46 | D86: =[89]КТ!H10 -> 1338.3371 | E86: =[89]КТ!I10 -> 114.42782 | F86: =[89]КТ!K10 -> 6047.2158 | G86: =SUM(C86:F86) -> 8843.4407 | H86: 1.14 | I86: =D86*H86 -> 1525.7043 | J86: =G86+I86 -> 10369.145 | K86: =$K$18 -> 0.2 | L86: =J86*K86 -> 2073.829 | M86: =ROUNDUP((J86+L86)/100,0)*100 -> 12500
A87: KT 05 | B87: Компьютерная томография органов брюшной полости с болюсным введением контрастного вещества | C87: =[89]КТ!J11 -> 11461.47 | D87: =[89]КТ!H11 -> 2769.2094 | E87: =[89]КТ!I11 -> 236.7674 | F87: =[89]КТ!K11 -> 13543.209 | G87: =SUM(C87:F87) -> 28010.655 | H87: 1.14 | I87: =D87*H87 -> 3156.8987 | J87: =G87+I87 -> 31167.554 | K87: =$K$18 -> 0.2 | L87: =J87*K87 -> 6233.5108 | M87: =ROUNDUP((J87+L87)/100,0)*100 -> 37500
A88: KT 06 | B88: Компьютерная томография почек и забрюшинного пространства без введения контрастного вещества | C88: =[89]КТ!J12 -> 1343.46 | D88: =[89]КТ!H12 -> 1338.3371 | E88: =[89]КТ!I12 -> 114.42782 | F88: =[89]КТ!K12 -> 6047.2158 | G88: =SUM(C88:F88) -> 8843.4407 | H88: 1.14 | I88: =D88*H88 -> 1525.7043 | J88: =G88+I88 -> 10369.145 | K88: =$K$18 -> 0.2 | L88: =J88*K88 -> 2073.829 | M88: =ROUNDUP((J88+L88)/100,0)*100 -> 12500
A89: KT 07 | B89: Компьютерная томография почек и забрюшинного пространство с болюсным введением контрастного вещества | C89: =[89]КТ!J13 -> 11461.47 | D89: =[89]КТ!H13 -> 2769.2094 | E89: =[89]КТ!I13 -> 236.7674 | F89: =[89]КТ!K13 -> 13543.209 | G89: =SUM(C89:F89) -> 28010.655 | H89: 1.14 | I89: =D89*H89 -> 3156.8987 | J89: =G89+I89 -> 31167.554 | K89: =$K$18 -> 0.2 | L89: =J89*K89 -> 6233.5108 | M89: =ROUNDUP((J89+L89)/100,0)*100 -> 37500
A90: KT 08 | B90: Компьютерная томография придаточных пазух носа | C90: =[89]КТ!J14 -> 1343.46 | D90: =[89]КТ!H14 -> 1338.3371 | E90: =[89]КТ!I14 -> 114.42782 | F90: =[89]КТ!K14 -> 6047.2158 | G90: =SUM(C90:F90) -> 8843.4407 | H90: 1.14 | I90: =D90*H90 -> 1525.7043 | J90: =G90+I90 -> 10369.145 | K90: =$K$18 -> 0.2 | L90: =J90*K90 -> 2073.829 | M90: =ROUNDUP((J90+L90)/100,0)*100 -> 12500
A91: KT 09 | B91: Компьютерная томография верхних костей и мягких тканей одной области без введения контрастного вещества | C91: =[89]КТ!J15 -> 1343.46 | D91: =[89]КТ!H15 -> 1338.3371 | E91: =[89]КТ!I15 -> 114.42782 | F91: =[89]КТ!K15 -> 6047.2158 | G91: =SUM(C91:F91) -> 8843.4407 | H91: 1.14 | I91: =D91*H91 -> 1525.7043 | J91: =G91+I91 -> 10369.145 | K91: =$K$18 -> 0.2 | L91: =J91*K91 -> 2073.829 | M91: =ROUNDUP((J91+L91)/100,0)*100 -> 12500
A92: KT 10 | B92: Компьютерная томография нижних костей и мягких тканей одной области без введения контрастного вещества | C92: =[89]КТ!J16 -> 1343.46 | D92: =[89]КТ!H16 -> 1338.3371 | E92: =[89]КТ!I16 -> 114.42782 | F92: =[89]КТ!K16 -> 6047.2158 | G92: =SUM(C92:F92) -> 8843.4407 | H92: 1.14 | I92: =D92*H92 -> 1525.7043 | J92: =G92+I92 -> 10369.145 | K92: =$K$18 -> 0.2 | L92: =J92*K92 -> 2073.829 | M92: =ROUNDUP((J92+L92)/100,0)*100 -> 12500
A93: KT 11 | B93: Компьютерная томография плечевого сустава | C93: =[89]КТ!J17 -> 1343.46 | D93: =[89]КТ!H17 -> 1338.3371 | E93: =[89]КТ!I17 -> 114.42782 | F93: =[89]КТ!K17 -> 6047.2158 | G93: =SUM(C93:F93) -> 8843.4407 | H93: 1.14 | I93: =D93*H93 -> 1525.7043 | J93: =G93+I93 -> 10369.145 | K93: =$K$18 -> 0.2 | L93: =J93*K93 -> 2073.829 | M93: =ROUNDUP((J93+L93)/100,0)*100 -> 12500
A94: KT 12 | B94: Компьютерная томография шейного отдела позвоночника | C94: =[89]КТ!J18 -> 1343.46 | D94: =[89]КТ!H18 -> 1338.3371 | E94: =[89]КТ!I18 -> 114.42782 | F94: =[89]КТ!K18 -> 6047.2158 | G94: =SUM(C94:F94) -> 8843.4407 | H94: 1.14 | I94: =D94*H94 -> 1525.7043 | J94: =G94+I94 -> 10369.145 | K94: =$K$18 -> 0.2 | L94: =J94*K94 -> 2073.829 | M94: =ROUNDUP((J94+L94)/100,0)*100 -> 12500
A95: KT 13 | B95: Компьютерная томография грудного отдела позвоночника | C95: =[89]КТ!J19 -> 1343.46 | D95: =[89]КТ!H19 -> 1338.3371 | E95: =[89]КТ!I19 -> 114.42782 | F95: =[89]КТ!K19 -> 6047.2158 | G95: =SUM(C95:F95) -> 8843.4407 | H95: 1.14 | I95: =D95*H95 -> 1525.7043 | J95: =G95+I95 -> 10369.145 | K95: =$K$18 -> 0.2 | L95: =J95*K95 -> 2073.829 | M95: =ROUNDUP((J95+L95)/100,0)*100 -> 12500
... A102: KT 20 | B102: Компьютерная томография височных костей | C102: =[89]КТ!J26 -> 1343.46 | D102: =[89]КТ!H26 -> 1338.3371 | E102: =[89]КТ!I26 -> 114.42782 | F102: =[89]КТ!K26 -> 6047.2158 | G102: =SUM(C102:F102) -> 8843.4407 | H102: 1.14 | I102: =D102*H102 -> 1525.7043 | J102: =G102+I102 -> 10369.145 | K102: =$K$18 -> 0.2 | L102: =J102*K102 -> 2073.829 | M102: =ROUNDUP((J102+L102)/100,0)*100 -> 12500
A103: KT 21 | B103: Компьютерная томография надпочечников без введения контрастного вещества | C103: =[89]КТ!J27 -> 1343.46 | D103: =[89]КТ!H27 -> 1338.3371 | E103: =[89]КТ!I27 -> 114.42782 | F103: =[89]КТ!K27 -> 6047.2158 | G103: =SUM(C103:F103) -> 8843.4407 | H103: 1.14 | I103: =D103*H103 -> 1525.7043 | J103: =G103+I103 -> 10369.145 | K103: =$K$18 -> 0.2 | L103: =J103*K103 -> 2073.829 | M103: =ROUNDUP((J103+L103)/100,0)*100 -> 12500 | N103: 29705.58 | O103: 37000 | P103: =(N103-C103) -> 28362.12 | Q103: =N103*6% -> 1782.3348
B104: =[84]хронометраж!A71 -> Гинекологические услуги
A105: =[84]хронометраж!A72 -> GIN 01 | B105: =[84]хронометраж!B72 -> Биопсия шейки матки | C105: ='[90]калькуляция '!J7 -> 2000.8 | D105: ='[90]калькуляция '!H7 -> 1222.768 | E105: ='[90]калькуляция '!I7 -> 104.54667 | F105: ='[90]калькуляция '!K7 -> 241.41736 | G105: =SUM(C105:F105) -> 3569.5321 | H105: 1.14 | I105: =D105*H105 -> 1393.9555 | J105: =G105+I105 -> 4963.4876 | K105: =$K$18 -> 0.2 | L105: =J105*K105 -> 992.69752 | M105: =ROUNDUP((J105+L105)/100,0)*100 -> 6000 | N105: 6000 | O105: =N105-M105 -> 0 | P105: =(D105+E105)/N105 -> 0.22121911
A106: =[84]хронометраж!A73 -> GIN 02 | B106: =[84]хронометраж!B73 -> Кольпоскопия | C106: ='[90]калькуляция '!J8 -> 1516.9 | D106: ='[90]калькуляция '!H8 -> 1091.8145 | E106: ='[90]калькуляция '!I8 -> 93.350141 | F106: ='[90]калькуляция '!K8 -> 219.95804 | G106: =SUM(C106:F106) -> 2922.0227 | H106: 1.14 | I106: =D106*H106 -> 1244.6685 | J106: =G106+I106 -> 4166.6912 | K106: =$K$18 -> 0.2 | L106: =J106*K106 -> 833.33825 | M106: =ROUNDUP((J106+L106)/100,0)*100-100 -> 5000 | N106: 5000 | O106: =N106-M106 -> 0 | P106: =(D106+E106)/N106 -> 0.23703293
A107: =[84]хронометраж!A74 -> GIN 03 | B107: =[84]хронометраж!B74 -> Массаж гинекологический | C107: ='[90]калькуляция '!J9 -> 793.83 | D107: ='[90]калькуляция '!H9 -> 559.12 | E107: ='[90]калькуляция '!I9 -> 47.80476 | F107: ='[90]калькуляция '!K9 -> 85.837285 | G107: =SUM(C107:F107) -> 1486.592 | H107: 1.14 | I107: =D107*H107 -> 637.39681 | J107: =G107+I107 -> 2123.9889 | K107: =$K$18 -> 0.2 | L107: =J107*K107 -> 424.79777 | M107: =ROUNDUP((J107+L107)/100,0)*100-100 -> 2500 | N107: 2500 | O107: =N107-M107 -> 0 | P107: =(D107+E107)/N107 -> 0.24276991
A108: =[84]хронометраж!A75 -> GIN 04 | B108: =[84]хронометраж!B75 -> Введение ВМС (без стоимости спирали) | C108: ='[90]калькуляция '!J10 -> 1483.8 | D108: ='[90]калькуляция '!H10 -> 940.05158 | E108: ='[90]калькуляция '!I10 -> 80.37441 | F108: ='[90]калькуляция '!K10 -> 171.67457 | G108: =SUM(C108:F108) -> 2675.9006 | H108: 1.14 | I108: =D108*H108 -> 1071.6588 | J108: =G108+I108 -> 3747.5594 | K108: =$K$18 -> 0.2 | L108: =J108*K108 -> 749.51187 | M108: =ROUNDUP((J108+L108)/100,0)*100 -> 4500 | N108: 4500 | O108: =N108-M108 -> 0 | P108: =(D108+E108)/N108 -> 0.22676133
A109: =[84]хронометраж!A76 -> GIN 05 | B109: =[84]хронометраж!B76 -> Введение ВМС (со стоимостью спирали) | C109: ='[90]калькуляция '!J11 -> 3983.8 | D109: ='[90]калькуляция '!H11 -> 604.5099 | E109: ='[90]калькуляция '!I11 -> 51.685596 | F109: ='[90]калькуляция '!K11 -> 107.29661 | G109: =SUM(C109:F109) -> 4747.2921 | H109: 1.14 | I109: =D109*H109 -> 689.14128 | J109: =G109+I109 -> 5436.4334 | K109: =$K$18 -> 0.2 | L109: =J109*K109 -> 1087.2867 | M109: =ROUNDUP((J109+L109)/100,0)*100-100 -> 6500 | N109: 6500 | O109: =N109-M109 -> 0 | P109: =(D109+E109)/N109 -> 0.10095315
A110: =[84]хронометраж!A77 -> GIN 06 | B110: =[84]хронометраж!B77 -> Удаление ВМС | C110: ='[90]калькуляция '!J12 -> 1483.8 | D110: ='[90]калькуляция '!H12 -> 1103.7435 | E110: ='[90]калькуляция '!I12 -> 94.370066 | F110: ='[90]калькуляция '!K12 -> 198.49872 | G110: =SUM(C110:F110) -> 2880.4123 | H110: 1.14 | I110: =D110*H110 -> 1258.2676 | J110: =G110+I110 -> 4138.6798 | K110: =$K$18 -> 0.2 | L110: =J110*K110 -> 827.73596 | M110: =ROUNDUP((J110+L110)/100,0)*100 -> 5000 | N110: 5000 | O110: =N110-M110 -> 0 | P110: =(D110+E110)/N110 -> 0.23962271
A111: =[84]хронометраж!A78 -> GIN 07 | B111: =[84]хронометраж!B78 -> Вакуум-аспирация | C111: ='[90]калькуляция '!J13 -> 1483.8 | D111: ='[90]калькуляция '!H13 -> 2826.4676 | E111: ='[90]калькуляция '!I13 -> 241.66298 | F111: ='[90]калькуляция '!K13 -> 568.67201 | G111: =SUM(C111:F111) -> 5120.6026 | H111: 1.14 | I111: =D111*H111 -> 3222.1731 | J111: =G111+I111 -> 8342.7757 | K111: =$K$18 -> 0.2 | L111: =J111*K111 -> 1668.5551 | M111: =ROUNDUP((J111+L111)/100,0)*100-100 -> 10000 | N111: 10000 | O111: =N111-M111 -> 0 | P111: =(D111+E111)/N111 -> 0.30681306
A112: =[84]хронометраж!A79 -> GIN 08 | B112: =[84]хронометраж!B79 -> Прижигание эрозии (диатермокоагуляция) | C112: ='[90]калькуляция '!J14 -> 1627.4 | D112: ='[90]калькуляция '!H14 -> 2760.9909 | E112: ='[90]калькуляция '!I14 -> 236.06472 | F112: ='[90]калькуляция '!K14 -> 557.94235 | G112: =SUM(C112:F112) -> 5182.3979 | H112: 1.14 | I112: =D112*H112 -> 3147.5296 | J112: =G112+I112 -> 8329.9275 | K112: =$K$18 -> 0.2 | L112: =J112*K112 -> 1665.9855 | M112: =ROUNDUP((J112+L112)/100,0)*100 -> 10000 | N112: 10000 | O112: =N112-M112 -> 0 | P112: =(D112+E112)/N112 -> 0.29970556
A113: =[84]хронометраж!A80 -> GIN 09 | B113: =[84]хронометраж!B80 -> Диатермоконизация | C113: ='[90]калькуляция '!J15 -> 2058.72 | D113: ='[90]калькуляция '!H15 -> 4308.5751 | E113: ='[90]калькуляция '!I15 -> 368.38317 | F113: ='[90]калькуляция '!K15 -> 858.37285 | G113: =SUM(C113:F113) -> 7594.0511 | H113: 1.14 | I113: =D113*H113 -> 4911.7756 | J113: =G113+I113 -> 12505.827 | K113: =$K$18 -> 0.2 | L113: =J113*K113 -> 2501.1653 | M113: =ROUNDUP((J113+L113)/100,0)*100-100 -> 15000 | N113: 15000 | O113: =N113-M113 -> 0 | P113: =(D113+E113)/N113 -> 0.31179722
...

Sheet прейскурант. (2)
D1: Утверждено приказом Главного врача ГКП на ПХВ «Городская больница №2» управления здравоохранения города Шымкент Приложение № 1 к приказу Главного врача ГКП на ПХВ «Городская больница №2» управления здравоохранения города Шымкент от «______» ноября 2022 года № _______ н/қ
A3: ПРЕЙСКУРАНТ ЦЕН ПО ПЛАТНЫМ УСЛУГАМ
A4: ГКП на ПХВ "Городская больница №2" УЗ г.Шымкент
A6: Код услуги | B6: Наименование услуги | C6: Ед.измерения | D6: Стоимость услуги | E6: Примечание
B7: =Калькуляция!B104 -> Гинекологические услуги
A8: =Калькуляция!A105 -> GIN 01 | B8: =Калькуляция!B105 -> Биопсия шейки матки | C8: услуга | D8: =Калькуляция!M105 -> 6000
A9: =Калькуляция!A106 -> GIN 02 | B9: =Калькуляция!B106 -> Кольпоскопия | C9: услуга | D9: =Калькуляция!M106 -> 5000
A10: =Калькуляция!A107 -> GIN 03 | B10: =Калькуляция!B107 -> Массаж гинекологический | C10: услуга | D10: =Калькуляция!M107 -> 2500
A11: =Калькуляция!A108 -> GIN 04 | B11: =Калькуляция!B108 -> Введение ВМС (без стоимости спирали) | C11: услуга | D11: =Калькуляция!M108 -> 4500
A12: =Калькуляция!A109 -> GIN 05 | B12: =Калькуляция!B109 -> Введение ВМС (со стоимостью спирали) | C12: услуга | D12: =Калькуляция!M109 -> 6500
A13: =Калькуляция!A110 -> GIN 06 | B13: =Калькуляция!B110 -> Удаление ВМС | C13: услуга | D13: =Калькуляция!M110 -> 5000
A14: =Калькуляция!A111 -> GIN 07 | B14: =Калькуляция!B111 -> Вакуум-аспирация | C14: услуга | D14: =Калькуляция!M111 -> 10000
A15: =Калькуляция!A112 -> GIN 08 | B15: =Калькуляция!B112 -> Прижигание эрозии (диатермокоагуляция) | C15: услуга | D15: =Калькуляция!M112 -> 10000
A16: =Калькуляция!A113 -> GIN 09 | B16: =Калькуляция!B113 -> Диатермоконизация | C16: услуга | D16: =Калькуляция!M113 -> 15000
A17: =Калькуляция!A114 -> GIN 10 | B17: =Калькуляция!B114 -> Диатермоэксцизия | C17: услуга | D17: =Калькуляция!M114 -> 12000
A18: =Калькуляция!A115 -> GIN 11 | B18: =Калькуляция!B115 -> Забор мазка (гинекологический) | C18: услуга | D18: =Калькуляция!M115 -> 800
A19: =Калькуляция!A116 -> GIN 12 | B19: =Калькуляция!B116 -> Ванночки гинекологические | C19: услуга | D19: =Калькуляция!M116 -> 1000
A20: =Калькуляция!A117 -> GIN 13 | B20: =Калькуляция!B117 -> Введение тампонов с лекарственными средствами (без лекарств) | C20: услуга | D20: =Калькуляция!M117 -> 2000
B21: Гинекологические операции
A22: =Калькуляция!A353 -> GIN 01 | B22: =Калькуляция!B353 -> Медицинский аборт | C22: услуга | D22: =Калькуляция!M353 -> 19000
A23: =Калькуляция!A354 -> GIN 02 | B23: =Калькуляция!B354 -> Клиновидная резекция яичника | C23: услуга | D23: =Калькуляция!M354 -> 110000
A24: =Калькуляция!A355 -> GIN 03 | B24: =Калькуляция!B355 -> Вскрытие абсцесса большой железы предверия | C24: услуга | D24: =Калькуляция!M355 -> 13000
A25: =Калькуляция!A356 -> GIN 04 | B25: =Калькуляция!B356 -> Метросальпинография (непроходимость труб) | C25: услуга | D25: =Калькуляция!M356 -> 16000
A26: =Калькуляция!A357 -> GIN 05 | B26: =Калькуляция!B357 -> Диагностическое выскабливание | C26: услуга | D26: =Калькуляция!M357 -> 16800
A27: =Калькуляция!A358 -> GIN 06 | B27: =Калькуляция!B358 -> Полипэктомия | C27: услуга | D27: =Калькуляция!M358 -> 13500
A28: =Калькуляция!A359 -> GIN 07 | B28: =Калькуляция!B359 -> Раздельное диагностическое выскабливание | C28: услуга | D28: =Калькуляция!M359 -> 16000
A29: =Калькуляция!A360 -> GIN 08 | B29: =Калькуляция!B360 -> Удаление ВМС | C29: услуга | D29: =Калькуляция!M360 -> 9000
A30: =Калькуляция!A361 -> GIN 09 | B30: =Калькуляция!B361 -> Экстирпация матки | C30: услуга | D30: =Калькуляция!M361 -> 168400
A31: =Калькуляция!A362 -> GIN 10 | B31: =Калькуляция!B362 -> Надвлагалищная ампутация матки | C31: услуга | D31: =Калькуляция!M362 -> 133000
A32: =Калькуляция!A363 -> GIN 11 | B32: =Калькуляция!B363 -> Консервативная миомэктомия | C32: услуга | D32: =Калькуляция!M363 -> 100000
A33: =Калькуляция!A364 -> GIN 12 | B33: =Калькуляция!B364 -> Стерилизация маточных труб Лапаротомически | C33: услуга | D33: =Калькуляция!M364 -> 105000
... A41: =Калькуляция!A372 -> GIN 20 | B41: =Калькуляция!B372 -> Переднезадняя кольпорафия, леваторо пластика, вентро фиксация | C41: услуга | D41: =Калькуляция!M372 -> 100000
B42: =Калькуляция!B373 -> Анестезия
A43: =Калькуляция!A374 -> ANE 01 | B43: =Калькуляция!B374 -> Эпидуральная анальгезия | C43: услуга | D43: =Калькуляция!M374 -> 25200
A44: =Калькуляция!A375 -> ANE 02 | B44: =Калькуляция!B375 -> Эндотрахеальный наркоз | C44: услуга | D44: =Калькуляция!M375 -> 36000
A45: =Калькуляция!A376 -> ANE 03 | B45: =Калькуляция!B376 -> Внутривенный наркоз | C45: услуга | D45: =Калькуляция!M376 -> 12250
A47: ПРИМЕЧАНИЕ:
A48: Стоимость медикаментов будут меняться в зависимости от рыночных цен и курса валют.

Sheet 2 вариант (4)
D1: Утверждаю
D2: Главный врач ГКП на ПХВ «Городская больница №2» управления здравоохранения города Шымкент
D3: _____________Позилов Б.Д.
D4: « » 2024 г.
D6: Приложение №1
A9: ПРЕЙСКУРАНТ ЦЕН ПО ПЛАТНЫМ УСЛУГАМ
A10: ГКП на ПХВ "Городская больница №2" УЗ г.Шымкент
A12: Код услуги | B12: Наименование услуги | C12: Ед.измерения | D12: Стоимость услуги | E12: Примечание
B13: Сервисная палата
A14: PSP 01 | B14: Пребывание в сервисной палате (без питания) | C14: 1 койко/день | D14: 12000
A15: PSP 02 | B15: Пребывание в сервисной палате для сопровождающего (без питания) | C15: 1 койко/день | D15: 7000
A16: PSP 03 | B16: Пребывание в сервисной палате ( без сан.удобств,без питания) | C16: 1 койко/день | D16: 8000
B17: Сервисная палата (нейрохирургия)
A18: PSN 01 | B18: Стоимость 1 койко-дня без учета питания и медикаментов одноместной палаты | C18: 1 койко/день | D18: 20000
A19: PSN 02 | B19: Пребывание пациента в палате пробуждения (до 2 часов) | C19: услуга | D19: 6300
A20: PSN 03 | B20: Пребывание пациента в ОАРИТ | C20: 1 койко/день | D20: 40000
A21: PSN 04 | B21: Индивидуальный пост медицинской сестры на 1-го пациента (24 часа) | C21: сутки | D21: 66200
B22: Свободный выбор врача
A23: SVO 01 | B23: Свободный выбор врача при родах (самопроизвольные роды) | C23: услуга | D23: 70000
A24: SVO 02 | B24: Свободный выбор врача при родах (роды путем кесарева сечения) | C24: услуга | D24: 100000
B25: Партнерские роды
A26: PAR 01 | B26: Услуги привлечения профессионального партнёра при родах из числа сотрудников Предприятия | C26: услуга | D26: 30000
A27: PAR 02 | B27: Услуги привлечения профессионального партнёра при родах иного выбранного лица | C27: услуга | D27: 20000
B28: =[84]Калькуляция!B19 -> Консультативный прием | G28: на дому
A29: KON 01 | B29: Консультативный прием терапевта | C29: услуга | D29: =3683.78+1 -> 3684.78 | F29: 3683.78 | G29: =F29*2 -> 7367.56
A30: KON 01 | B30: Консультативный прием педиатра | C30: услуга | D30: =3683.78+1 -> 3684.78 | F30: 3683.78 | G30: =F30*2 -> 7367.56
A31: KON 01 | B31: Консультативный прием гастроэтеролога | C31: услуга | D31: =4074.32+1 -> 4075.32 | F31: 4074.32 | G31: =F31*2 -> 8148.64
A32: KON 01 | B32: Консультативный прием эндокринолога | C32: услуга | D32: =3905.92+4 -> 3909.92 | F32: 3905.92 | G32: =F32*2 -> 7811.84
A33: KON 01 | B33: Консультативный прием невропотолога | C33: услуга | D33: =3905.92+4 -> 3909.92 | F33: 3905.92 | G33: =F33*2 -> 7811.84
A34: KON 01 | B34: Консультативный прием ревматолога | C34: услуга | D34: =3905.92+4 -> 3909.92 | F34: 3905.92 | G34: =F34*2 -> 7811.84
A35: KON 01 | B35: Консультативный прием пульмонолога | C35: услуга | D35: =3905.92+4 -> 3909.92 | F35: 3905.92 | G35: =F35*2 -> 7811.84
A36: KON 01 | B36: Консультативный прием кардиолога | C36: услуга | D36: =3947.62+2 -> 3949.62 | F36: 3947.62 | G36: =F36*2 -> 7895.24
A37: KON 01 | B37: Консультативный прием аллерголога | C37: услуга | D37: =3905.92+4 -> 3909.92 | F37: 3905.92 | G37: =F37*2 -> 7811.84
A38: KON 01 | B38: Консультативный прием нефролога | C38: услуга | D38: =3905.92+4 -> 3909.92 | F38: 3905.92 | G38: =F38*2 -> 7811.84
A39: KON 01 | B39: Консультативный прием инфекциониста | C39: услуга | D39: =3921.88-2 -> 3919.88 | F39: 3921.88 | G39: =F39*2 -> 7843.76
A40: KON 01 | B40: Консультативный прием сосудистого хирурга | C40: услуга | D40: 4350.44 | F40: 4350.44 | G40: =F40*2 -> 8700.88
A41: KON 01 | B41: Консультативный прием гематолога | C41: услуга | D41: =5101.19-1 -> 5100.19 | F41: 5101.19 | G41: =F41*2 -> 10202.38
A42: KON 02 | B42: Консультативный прием акушера-гинеколога | C42: услуга | D42: 4134.88 | F42: 4134.88 | G42: =F42*2 -> 8269.76
A43: KON 02 | B43: Консультативный прием онколога | C43: услуга | D43: 4350.44 | F43: 4350.44 | G43: =F43*2 -> 8700.88
A44: KON 02 | B44: Консультативный прием маммолога | C44: услуга | D44: =3905.92+4 -> 3909.92 | F44: 3905.92 | G44: =F44*2 -> 7811.84
A45: KON 02 | B45: Консультативный прием офтальмолога | C45: услуга | D45: =3905.92+4 -> 3909.92 | F45: 3905.92 | G45: =F45*2 -> 7811.84
A46: KON 02 | B46: Консультативный прием профпатолога | C46: услуга | D46: =3837.45+3 -> 3840.45 | F46: 3837.45 | G46: =F46*2 -> 7674.9
A47: KON 02 | B47: Консультативный прием профпатолога кандидата медицинских наук, Досыбаева Г.Н. | C47: услуга | D47: =3837.45+3 -> 3840.45 | F47: 3837.45 | G47: =F47*2 -> 7674.9
A48: KON 02 | B48: Консультативный прием проктолога | C48: услуга | D48: =3905.92+4 -> 3909.92 | F48: 3905.92 | G48: =F48*2 -> 7811.84
A49: KON 02 | B49: Консультативный прием хирурга | C49: услуга | D49: =4182.04-2 -> 4180.04 | F49: 4182.04 | G49: =F49*2 -> 8364.08
A50: KON 02 | B50: Консультативный прием уролога | C50: услуга | D50: =3905.92+4 -> 3909.92 | F50: 3905.92 | G50: =F50*2 -> 7811.84
A51: KON 02 | B51: Консультативный прием оториноларинголога | C51: услуга | D51: =3905.92+4 -> 3909.92 | F51: 3905.92 | G51: =F51*2 -> 7811.84
A52: KON 02 | B52: Консультативный прием стомотолога | C52: услуга | D52: =3950.97-1 -> 3949.97 | F52: 3950.97 | G52: =F52*2 -> 7901.94
A53: KON 03 | B53: Повторный консультативный прием в течении 7 календарных дней | C53: услуга | D53: 2500 | G53: =F53*2 -> 0
A54: =Калькуляция!A20 -> KON 04 | B54: =Калькуляция!B20 -> Консультация нейрохирурга | C54: услуга | D54: =4182.04-2 -> 4180.04 | F54: 4182.04 | G54: =F54*2 -> 8364.08
A55: KON 04 | B55: Консультация нейрохирурга кандидата медицинских наук, Phd Медетова Е.Ж. | C55: услуга | D55: 15000 | F55: 4182.04 | G55: =F55*2 -> 8364.08
A56: KON 05 | B56: Консультация терапевта Позилова Б.Д. | C56: услуга | D56: 10000 | F56: 3683.78 | G56: =F56*2 -> 7367.56
B57: =[84]хронометраж!A11 -> Консультативный прием на дому
A58: KON 01 | B58: Консультативный прием терапевта | C58: услуга | D58: =D29*2 -> 7369.56 | F58: 3683.78 | G58: =F58*2 -> 7367.56
A59: KON 01 | B59: Консультативный прием педиатра | C59: услуга | D59: =D30*2 -> 7369.56 | F59: 3683.78 | G59: =F59*2 -> 7367.56
A60: KON 01 | B60: Консультативный прием гастроэтеролога | C60: услуга | D60: =D31*2-1 -> 8149.64 | F60: 4074.32 | G60: =F60*2 -> 8148.64
A61: KON 01 | B61: Консультативный прием эндокринолога | C61: услуга | D61: =D32*2 -> 7819.84 | F61: 3905.92 | G61: =F61*2 -> 7811.84
A62: KON 01 | B62: Консультативный прием невропотолога | C62: услуга | D62: =D33*2 -> 7819.84 | F62: 3905.92 | G62: =F62*2 -> 7811.84
A63: KON 01 | B63: Консультативный прием ревматолога | C63: услуга | D63: =D34*2 -> 7819.84 | F63: 3905.92 | G63: =F63*2 -> 7811.84
A64: KON 01 | B64: Консультативный прием пульмонолога | C64: услуга | D64: =D35*2 -> 7819.84 | F64: 3905.92 | G64: =F64*2 -> 7811.84
A65: KON 01 | B65: Консультативный прием кардиолога | C65: услуга | D65: =D36*2+1 -> 7900.24 | F65: 3947.62 | G65: =F65*2 -> 7895.24
A66: KON 01 | B66: Консультативный прием аллерголога | C66: услуга | D66: =D37*2 -> 7819.84 | F66: 3905.92 | G66: =F66*2 -> 7811.84
A67: KON 01 | B67: Консультативный прием нефролога | C67: услуга | D67: =D38*2 -> 7819.84 | F67: 3905.92 | G67: =F67*2 -> 7811.84
A68: KON 01 | B68: Консультативный прием инфекциониста | C68: услуга | D68: =D39*2 -> 7839.76 | F68: 3921.88 | G68: =F68*2 -> 7843.76
A69: KON 01 | B69: Консультативный прием сосудистого хирурга | C69: услуга | D69: =D40*2-1 -> 8699.88 | F69: 4350.44 | G69: =F69*2 -> 8700.88
A70: KON 01 | B70: Консультативный прием гематолога | C70: услуга | D70: =D41*2 -> 10200.38 | F70: 5101.19 | G70: =F70*2 -> 10202.38
A71: KON 02 | B71: Консультативный прием акушера-гинеколога | C71: услуга | D71: =D42*2 -> 8269.76 | F71: 4134.88 | G71: =F71*2 -> 8269.76
A72: KON 02 | B72: Консультативный прием онколога | C72: услуга | D72: =D43*2-1 -> 8699.88 | F72: 4350.44 | G72: =F72*2 -> 8700.88
A73: KON 02 | B73: Консультативный прием маммолога | C73: услуга | D73: =D44*2 -> 7819.84 | F73: 3905.92 | G73: =F73*2 -> 7811.84
A74: KON 02 | B74: Консультативный прием офтальмолога | C74: услуга | D74: =D45*2 -> 7819.84 | F74: 3905.92 | G74: =F74*2 -> 7811.84
A75: KON 02 | B75: Консультативный прием профпатолога | C75: услуга | D75: =D46*2-1 -> 7679.9 | F75: 3837.45 | G75: =F75*2 -> 7674.9
A76: KON 02 | B76: Консультативный прием профпатолога кандидата медицинских наук, Досыбаева Г.Н. | C76: услуга | D76: =D47*2-1 -> 7679.9 | F76: 3837.45 | G76: =F76*2 -> 7674.9
A77: KON 02 | B77: Консультативный прием проктолога | C77: услуга | D77: =D48*2 -> 7819.84 | F77: 3905.92 | G77: =F77*2 -> 7811.84
A78: KON 02 | B78: Консультативный прием хирурга | C78: услуга | D78: =D49*2 -> 8360.08 | F78: 4182.04 | G78: =F78*2 -> 8364.08
A79: KON 02 | B79: Консультативный прием уролога | C79: услуга | D79: =D50*2 -> 7819.84 | F79: 3905.92 | G79: =F79*2 -> 7811.84
A80: KON 02 | B80: Консультативный прием оториноларинголога | C80: услуга | D80: =D51*2 -> 7819.84 | F80: 3905.92 | G80: =F80*2 -> 7811.84
A81: KON 02 | B81: Консультативный прием стомотолога | C81: услуга | D81: =D52*2 -> 7899.94 | F81: 3950.97 | G81: =F81*2 -> 7901.94
B82: =[84]Калькуляция!B26 -> Медицинский осмотр
A83: =[84]Калькуляция!A27 -> MOO 01 | B83: Медицинское обследование лиц, поступающих на учебу, работу по форме №075/У (терапевт, хирург, лор, невропатолог, офтальмолог, профпатолог, флюрография) обследование на яйца гельминтов, на сифилис по профилю | C83: услуга | D83: =[84]Калькуляция!M27 -> 4000
B84: =Калькуляция!B26 -> Рентген
A85: =Калькуляция!A27 -> REN 01 | B85: =Калькуляция!B27 -> Рентгенография таза | C85: услуга | D85: 1790.46 | F85: 1790.46
A86: =Калькуляция!A28 -> REN 02 | B86: =Калькуляция!B28 -> R-графия тазобедренного сустава | C86: услуга | D86: 2090.29 | F86: 2090.29
A87: =Калькуляция!A29 -> REN 03 | B87: =Калькуляция!B29 -> R-графия лёгких (обзорная) | C87: услуга | D87: =1786.21-1 -> 1785.21
A88: =Калькуляция!A30 -> REN 04 | B88: =Калькуляция!B30 -> R-графия лёгких (боковая) | C88: услуга | D88: 2059.71
A89: =Калькуляция!A31 -> REN 05 | B89: =Калькуляция!B31 -> R-графия брюшной полости | C89: услуга | D89: =2013.83-4 -> 2009.83 | F89: 2013.83
A90: =Калькуляция!A32 -> REN 06 | B90: =Калькуляция!B32 -> Внутривенная урография | C90: услуга | D90: 12659.86 | F90: 12659.86
A91: =Калькуляция!A33 -> REN 07 | B91: =Калькуляция!B33 -> R-графия грудного отдела позвоночника ( в 1 проекции) | C91: услуга | D91: =1786.21+4 -> 1790.21 | F91: 1786.21
A92: =Калькуляция!A34 -> REN 08 | B92: =Калькуляция!B34 -> R-графия грудного отдела позвоночника ( в 2 проекции) | C92: услуга | D92: 2059.71 | F92: 2059.71
A93: =Калькуляция!A35 -> REN 09 | B93: =Калькуляция!B35 -> R-графия черепа ( в 1 проекции) | C93: услуга | D93: =1716.74+3 -> 1719.74 | F93: 1716.74
A94: =Калькуляция!A36 -> REN 10 | B94: =Калькуляция!B36 -> R-графия черепа ( в 2 проекциях) | C94: услуга | D94: =3083.21-3 -> 3080.21 | F94: 3083.21
A95: =Калькуляция!A37 -> REN 11 | B95: =Калькуляция!B37 -> R-графия пояснично-крестцового отдела позвоночника ( в 1 проекции) | C95: услуга | D95: =2467.33+3 -> 2470.33 | F95: 2467.33
A96: =Калькуляция!A38 -> REN 12 | B96: =Калькуляция!B38 -> R-графия пояснично-крестцового отдела позвоночника ( в 2 проекциях) | C96: услуга | D96: =2467.33+3 -> 2470.33 | F96: 2467.33
A97: =Калькуляция!A39 -> REN 13 | B97: =Калькуляция!B39 -> R-графия шейного отдела позвоночника ( в 1 проекции) | C97: услуга | D97: 2059.71 | F97: 2059.71
A98: =Калькуляция!A40 -> REN 14 | B98: =Калькуляция!B40 -> R-графия шейного отдела позвоночника ( в 2 проекциях) | C98: услуга | D98: =2221.19-1 -> 2220.19 | F98: 2221.19
A99: =Калькуляция!A41 -> REN 15 | B99: =Калькуляция!B41 -> R-графия трубчатых костей ( в 1 проекциях) | C99: услуга | D99: =2090.29 -> 2090.29
A100: =Калькуляция!A42 -> REN 16 | B100: =Калькуляция!B42 -> R-графия трубчатых костей ( в 2 проекциях) | C100: услуга | D100: =2090.29 -> 2090.29
A101: =Калькуляция!A43 -> REN 17 | B101: =Калькуляция!B43 -> R-графия коленного сустава ( в 1 проекции ) | C101: услуга | D101: 2090.29 | F101: 2090.29
A102: =Калькуляция!A44 -> REN 18 | B102: =Калькуляция!B44 -> R-графия коленного сустава ( в 2 проекциях ) | C102: услуга | D102: 2090.29 | F102: 2090.29
A103: =Калькуляция!A45 -> REN 19 | B103: =Калькуляция!B45 -> R-графия голеностопного сустава ( в 1 проекции ) | C103: услуга | D103: 2090.29 | F103: 2090.29
A104: =Калькуляция!A46 -> REN 20 | B104: =Калькуляция!B46 -> R-графия голеностопного сустава ( в 2 проекциях ) | C104: услуга | D104: 2090.29 | F104: 2090.29
...

Sheet 2 вариант (3)
B1: Приложение №1
B2: к Договору №_______
B3: от "____" ___________ 2023 г.
A5: ПРЕЙСКУРАНТ ЦЕН
A7: № | B7: Наименование | C7: Цена (без НДС) | D7: ЦЕНА | E7: 1,12 НДС+проезд
A8: 1 | B8: Металлокерамика
A9: 1.1 | B9: Металлокерамическая коронка CoCr (Noritake) | C9: 6000 | D9: =C9*1.2 -> 7200 | E9: =D9*1.6 -> 11520 | F9: =E9+D9+1280 -> 20000
A10: 1.2 | B10: Металлокерамическая коронка CoCr (Ivoclar In Line) | C10: 7000 | D10: =C10*1.2 -> 8400 | E10: =D10*1.6 -> 13440 | F10: =E10+D10 -> 21840
A11: 1.3 | B11: Металлокерамическая коронка на импланте (без абатмента клиники) (Ivoclar In Line) | C11: 12000 | D11: =C11*1.2 -> 14400 | E11: =D11*1.6 -> 23040 | F11: =E11+D11 -> 37440
A12: 1.4 | B12: Металлокерамическая коронка на импланте (винтовая фиксация) (Ivoclar In Line) | C12: 12000 | D12: =C12*1.2 -> 14400 | E12: =D12*1.6 -> 23040 | F12: =E12+D12 -> 37440
A13: 1.5 | B13: Металлокерамическая промежуточные коронки | C13: 6000 | D13: =C13*1.2 -> 7200 | E13: =D13*1.6 -> 11520 | F13: =E13+D13 -> 18720
A14: 1.6 | B14: Искуственная керамическая десна (промежуток до 3-х ед) | C14: 6000 | D14: =C14*1.2 -> 7200 | E14: =D14*1.6 -> 11520 | F14: =E14+D14 -> 18720
A15: 2 | B15: Безметалловая керамика с использованием 3D технологий ExoCAD и CADCAM систем
A16: 2.1 | B16: Циркониевая коронка с индивидуальным нанесением керамической массы Ivoclar (e.max ceram-Германия) | C16: 25000 | D16: =C16*1.2 -> 30000 | E16: =D16*1.6 -> 48000 | F16: =E16+D16 -> 78000
A17: 2.2 | B17: Цельно-фрезерованная коронка из ZrO2 на имплантате 3D-PRO Multilayer | C17: 25000 | D17: =C17*1.2 -> 30000 | E17: =D17*1.6 -> 48000 | F17: =E17+D17 -> 78000
A18: 2.3 | B18: Полная циркониевая анатомическая коронка 3D-PRO Bloomden (Китай) | C18: 25000 | D18: =C18*1.2 -> 30000 | E18: =D18*1.6 -> 48000 | F18: =E18+D18 -> 78000
A19: 2.4 | B19: Индивидуальный абатмент из ZrO2 | C19: 7000 | D19: =C19*1.2 -> 8400 | E19: =D19*1.6 -> 13440 | F19: =E19+D19 -> 21840
A20: 2.5 | B20: Циркониевый абатмент + стоимость платформы | C20: 16000 | D20: =C20*1.2 -> 19200 | E20: =D20*1.6 -> 30720 | F20: =E20+D20 -> 49920
A21: 2.6 | B21: WaxUp с восстановлением полной эстетики зубного ряда с фото протоколом в 3D формате в программе ExoCad | C21: 25000 | D21: =C21*1.2 -> 30000 | E21: =D21*1.6 -> 48000 | F21: =E21+D21 -> 78000
A22: 3 | B22: Безметалловая керамика
A23: 3.1 | B23: Керамическая коронка E.MAX(Германия) (метод окрашивания или с нанесением) | C23: 25000 | D23: 25000 | E23: =D23*1.6 -> 40000 | F23: =E23+D23 -> 65000
A24: 3.2 | B24: Керамическая коронка на имплантате E.MAX (Германия) (метод окрашивания или с нанесением) | C24: 25000 | D24: 25000 | E24: =D24*1.6 -> 40000 | F24: =E24+D24 -> 65000
A25: 3.3 | B25: Винир E.MAX(Германия) (метод окрашивания или с нанесением) | C25: 25000 | D25: 25000 | E25: =D25*1.6 -> 40000 | F25: =E25+D25 -> 65000
A26: 3.4 | B26: Вкладка/накладка E.MAX (Германия) | C26: 20000 | D26: 20000 | E26: =D26*1.6 -> 32000 | F26: =E26+D26 -> 52000
A27: 3.5 | B27: Виниры, вкладки,накладки на рефракторе E.MAX (Германия) | C27: 30000 | D27: 30000 | E27: =D27*1.6 -> 48000 | F27: =E27+D27 -> 78000
A28: 4 | B28: Вкладки | E28: =D28*1.8 -> 0 | F28: =E28+D28 -> 0
A29: 4.1 | B29: Вкладка культевая | C29: 3500 | D29: =C29*1.2 -> 4200 | E29: =D29*1.6 -> 6720 | F29: =E29+D29 -> 10920
A30: 4.2 | B30: Вкладка внутрикорневая разборная CoCr | C30: 3500 | D30: =C30*1.2 -> 4200 | E30: =D30*1.6 -> 6720 | F30: =E30+D30 -> 10920
A31: 4.3 | B31: Вкладка циркониевая разборная | C31: 10000 | D31: =C31*1.2 -> 12000 | E31: =D31*1.6 -> 19200 | F31: =E31+D31 -> 31200
A32: 4.4 | B32: Вкладка культевая циркониевая | C32: 5000 | D32: =C32*1.2 -> 6000 | E32: =D32*1.6 -> 9600 | F32: =E32+D32 -> 15600
A33: 4.5 | B33: Вкладка культевая E.MAX | C33: 20000 | D33: =C33*1.2 -> 24000 | E33: =D33*1.6 -> 38400 | F33: =E33+D33 -> 62400
A34: 5 | B34: Цельнолитая коронка
A35: 5.1 | B35: Цельнолитая коронка Cocr | C35: 3500 | D35: =C35*1.2 -> 4200 | E35: =D35*1.6 -> 6720 | F35: 11000
A36: 6 | B36: Временная реставрация
A37: 6.1 | B37: Временная пластмассовая коронка | C37: 2000 | D37: =C37*1.2 -> 2400 | E37: =D37*1.6 -> 3840 | F37: =E37+D37 -> 6240
A38: 6.2 | B38: Временная пластмассовая отфрезерованная коронка длительного ношения на системе CAD-CAM | C38: 2500 | D38: =C38*1.2 -> 3000 | E38: =D38*1.6 -> 4800 | F38: =E38+D38 -> 7800
A39: 6.3 | B39: Временная коронка на имплантате отфрезерованная (без стоимости абатмента) на системе CAD-CAM | C39: 2500 | D39: =C39*1.2 -> 3000 | E39: =D39*1.6 -> 4800 | F39: =E39+D39 -> 7800
A40: 7 | B40: Диагностика
A41: 7.1 | B41: Диагностическая модель из простого гипса | C41: 3000 | D41: =C41*1.2 -> 3600 | E41: =D41*1.6 -> 5760 | F41: =E41+D41 -> 9360
A42: 7.2 | B42: Диагностическая модель из супер гипса -3,4 класса | C42: 5000 | D42: =C42*1.2 -> 6000 | E42: =D42*1.6 -> 9600 | F42: =E42+D42 -> 15600
A43: 7.3 | B43: Прикусные валики на жёстком базисе | C43: 3000 | D43: =C43*1.2 -> 3600 | E43: =D43*1.6 -> 5760 | F43: =E43+D43 -> 9360
A44: 8 | B44: Починка, перебазировка
A45: 8.1 | B45: Починка съемного протеза | C45: 3000 | D45: =C45*1.2 -> 3600 | E45: =D45*1.6 -> 5760 | F45: =E45+D45 -> 9360
A46: 8.2 | B46: Приварка одного зуба | C46: 3000 | D46: =C46*1.2 -> 3600 | E46: =D46*1.6 -> 5760 | F46: =E46+D46 -> 9360
A47: 8.3 | B47: Приварка одного кламмера | C47: 3000 | D47: =C47*1.2 -> 3600 | E47: =D47*1.6 -> 5760 | F47: =E47+D47 -> 9360
A48: 8.4 | B48: Перебазировка съемного протеза | C48: 5000 | D48: =C48*1.2 -> 6000 | E48: =D48*1.6 -> 9600 | F48: =E48+D48 -> 15600
A49: 8.5 | B49: Перебазировка (мягкая прокладка) | C49: 5000 | D49: =C49*1.2 -> 6000 | E49: =D49*1.6 -> 9600 | F49: =E49+D49 -> 15600
A50: 8.6 | B50: Замена уплотнительных резинок в бюгельных протезах | C50: 7000 | D50: =C50*1.2 -> 8400 | E50: =D50*1.6 -> 13440 | F50: =E50+D50 -> 21840
A51: 9 | B51: Съемные протезы
A52: 9.1 | B52: Био Дента пласт | C52: 30000 | D52: =C52*1.2 -> 36000 | E52: 36000 | F52: 70000
A53: 9.2 | B53: Индивидуальная ложка | C53: 3000 | D53: =C53*1.2 -> 3600 | E53: =D53*1.6 -> 5760 | F53: =E53+D53 -> 9360
A54: 9.3 | B54: Микропротез до 3-х зубов | C54: 3500 | D54: =C54*1.2 -> 4200 | E54: =D54*1.6 -> 6720 | F54: 10000
A55: 9.4 | B55: Нейлоновый микропротез до 3-х зубов (гибкий) | C55: 7500 | D55: =C55*1.2 -> 9000 | E55: =D55*1.6 -> 14400 | F55: =E55+D55 -> 23400
A56: 9.5 | B56: Частичный съемный протез | C56: 10000 | D56: =C56*1.2 -> 12000 | E56: =D56*1.6 -> 19200 | F56: =E56+D56 -> 31200
A57: 9.6 | B57: Польный съемный протез | C57: 10000 | D57: =C57*1.2 -> 12000 | E57: =D57*1.6 -> 19200 | F57: 25000
A58: 9.7 | B58: Протез на шаровых аттачментах (без стоимости абатментов, гарнитуры) | C58: 10000 | D58: =C58*1.2 -> 12000 | E58: =D58*1.6 -> 19200 | F58: =E58+D58 -> 31200
A59: 9.8 | B59: Полный, частично съемный протез с импортными зубами (без стоимости гарнитуры) | C59: 20000 | D59: =C59*1.2 -> 24000 | E59: =D59*1.6 -> 38400 | F59: =E59+D59 -> 62400 | G59: =F58*21% -> 6552
A60: 9.9 | B60: Термо - бюгельный протез | C60: 15000 | D60: =C60*1.2 -> 18000 | E60: =D60*1.6 -> 28800 | F60: =E60+D60 -> 46800 | G60: =G57-G59-2000 -> -8552
A61: 9.10 | B61: Съемный протез на Бал-аттачментах | C61: 30000 | D61: =C61*1.2 -> 36000 | E61: =D61*1.6 -> 57600 | F61: =E61+D61 -> 93600
A62: 9.11 | B62: Условно-съемный прпотез на имплантах | C62: 40000 | D62: =C62*1.2 -> 48000 | E62: =D62*1.6 -> 76800 | F62: =E62+D62 -> 124800
A63: 9.12 | B63: Изготовление балки CoCr (без стоимости абатмента) | C63: 20000 | D63: =C63*1.2 -> 24000 | E63: =D63*1.6 -> 38400 | F63: =E63+D63 -> 62400
A64: 10 | B64: Бюгельные протезы | C64: 50000 | D64: =C64*1.2 -> 60000 | E64: =D64*1.6 -> 96000 | F64: =E64+D64 -> 156000
A65: 10.1 | B65: Бюгельный протез шинирующий | C65: 25000 | D65: =C65*1.2 -> 30000 | E65: =D65*1.6 -> 48000 | F65: =E65+D65 -> 78000
A66: 10.2 | B66: Съемный протез с гибкими кламерами (2 кламера) | C66: 25000 | D66: =C66*1.2 -> 30000 | E66: =D66*1.6 -> 48000 | F66: =E66+D66 -> 78000
A67: 10.3 | B67: Бюгельный протез (Bio Dentoplast) | C67: 15000 | D67: =C67*1.2 -> 18000 | E67: =D67*1.6 -> 28800 | F67: =E67+D67 -> 46800
A68: 10.4 | B68: Бюгельный протез (Bio Dentoplast micro) | C68: 30000 | D68: =C68*1.2 -> 36000 | E68: =D68*1.6 -> 57600 | F68: =E68+D68 -> 93600
A70: "Заказчик" "Исполнитель"
A71: ГКП на ПХВ "Городская больница №2"

Sheet 2 вариант (2)
D1: Утверждаю
D2: Главный врач ГКП на ПХВ «Городская больница №2» управления здравоохранения города Шымкент
D3: _____________Позилов Б.Д.
D4: « » 2023 г.
D6: Приложение №1
A9: ПРЕЙСКУРАНТ ЦЕН ПО ПЛАТНЫМ УСЛУГАМ
A10: ГКП на ПХВ "Городская больница №2" УЗ г.Шымкент
A12: Код услуги | B12: Наименование услуги | C12: Ед.измерения | D12: Стоимость услуги | E12: Примечание
B13: ='2024 вариант'!B583 -> Услуги стомотолога
A14: STO 21 | B14: ='[103]медик хир (2)'!$A$7 -> Польный съемный протез | C14: услуга | D14: ='[103]медик хир (2)'!$L$11 -> 25000
A15: STO 22 | B15: ='[103]медик хир (2)'!$A$12 -> Микропротез до 3-х зубов | C15: услуга | D15: ='[103]медик хир (2)'!$L$16 -> 10000
A16: STO 23 | B16: ='[103]медик хир (2)'!$A$17 -> Металлокерамическая коронка CoCr (Noritake) | C16: услуга | D16: ='[103]медик хир (2)'!$L$28 -> 20000
A17: STO 24 | B17: ='[103]медик хир (2)'!$A$29 -> Цельнолитая коронка Cocr | C17: услуга | D17: ='[103]медик хир (2)'!$L$36 -> 11000
A18: STO 25 | B18: ='[103]медик хир (2)'!$A$37 -> Био Дента пласт | C18: услуга | D18: ='[103]медик хир (2)'!$L$41 -> 70000
A20: ПРИМЕЧАНИЕ:
A21: Стоимость медикаментов будут меняться в зависимости от рыночных цен и курса валют.
B24: Главный бухгалтер | D24: Тулебекова Н.Т.
B26: Начальник планово-экономического отдела | D26: Аскербек А.Ғ.
A31: ПРЕЙСКУРАНТ ЦЕН
A32: Лабараторных работ DIASTOM-LAB
A33: № | B33: Наименование | C33: Цена (без НДС) | D33: ЦЕНА | E33: 1,12 НДС+проезд
A34: 1 | B34: Металлокерамика
A35: 1.1 | B35: Металлокерамическая коронка CoCr (Noritake) | C35: 6000 | D35: =C35*1.2 -> 7200 | E35: =D35*1.6 -> 11520 | F35: =E35+D35+1280 -> 20000
A36: 1.2 | B36: Металлокерамическая коронка CoCr (Ivoclar In Line) | C36: 7000 | D36: =C36*1.2 -> 8400 | E36: =D36*1.6 -> 13440 | F36: =E36+D36 -> 21840
A37: 1.3 | B37: Металлокерамическая коронка на импланте (без абатмента клиники) (Ivoclar In Line) | C37: 12000 | D37: =C37*1.2 -> 14400 | E37: =D37*1.6 -> 23040 | F37: =E37+D37 -> 37440
A38: 1.4 | B38: Металлокерамическая коронка на импланте (винтовая фиксация) (Ivoclar In Line) | C38: 12000 | D38: =C38*1.2 -> 14400 | E38: =D38*1.6 -> 23040 | F38: =E38+D38 -> 37440
A39: 1.5 | B39: Металлокерамическая промежуточные коронки | C39: 6000 | D39: =C39*1.2 -> 7200 | E39: =D39*1.6 -> 11520 | F39: =E39+D39 -> 18720
A40: 1.6 | B40: Искуственная керамическая десна (промежуток до 3-х ед) | C40: 6000 | D40: =C40*1.2 -> 7200 | E40: =D40*1.6 -> 11520 | F40: =E40+D40 -> 18720
A41: 2 | B41: Безметалловая керамика с использованием 3D технологий ExoCAD и CADCAM систем
A42: 2.1 | B42: Циркониевая коронка с индивидуальным нанесением керамической массы Ivoclar (e.max ceram-Германия) | C42: 25000 | D42: =C42*1.2 -> 30000 | E42: =D42*1.6 -> 48000 | F42: =E42+D42 -> 78000
A43: 2.2 | B43: Цельно-фрезерованная коронка из ZrO2 на имплантате 3D-PRO Multilayer | C43: 25000 | D43: =C43*1.2 -> 30000 | E43: =D43*1.6 -> 48000 | F43: =E43+D43 -> 78000
A44: 2.3 | B44: Полная циркониевая анатомическая коронка 3D-PRO Bloomden (Китай) | C44: 25000 | D44: =C44*1.2 -> 30000 | E44: =D44*1.6 -> 48000 | F44: =E44+D44 -> 78000
A45: 2.4 | B45: Индивидуальный абатмент из ZrO2 | C45: 7000 | D45: =C45*1.2 -> 8400 | E45: =D45*1.6 -> 13440 | F45: =E45+D45 -> 21840
A46: 2.5 | B46: Циркониевый абатмент + стоимость платформы | C46: 16000 | D46: =C46*1.2 -> 19200 | E46: =D46*1.6 -> 30720 | F46: =E46+D46 -> 49920
A47: 2.6 | B47: WaxUp с восстановлением полной эстетики зубного ряда с фото протоколом в 3D формате в программе ExoCad | C47: 25000 | D47: =C47*1.2 -> 30000 | E47: =D47*1.6 -> 48000 | F47: =E47+D47 -> 78000
A48: 3 | B48: Безметалловая керамика
A49: 3.1 | B49: Керамическая коронка E.MAX(Германия) (метод окрашивания или с нанесением) | C49: 25000 | D49: 25000 | E49: =D49*1.6 -> 40000 | F49: =E49+D49 -> 65000
A50: 3.2 | B50: Керамическая коронка на имплантате E.MAX (Германия) (метод окрашивания или с нанесением) | C50: 25000 | D50: 25000 | E50: =D50*1.6 -> 40000 | F50: =E50+D50 -> 65000
A51: 3.3 | B51: Винир E.MAX(Германия) (метод окрашивания или с нанесением) | C51: 25000 | D51: 25000 | E51: =D51*1.6 -> 40000 | F51: =E51+D51 -> 65000
A52: 3.4 | B52: Вкладка/накладка E.MAX (Германия) | C52: 20000 | D52: 20000 | E52: =D52*1.6 -> 32000 | F52: =E52+D52 -> 52000
A53: 3.5 | B53: Виниры, вкладки,накладки на рефракторе E.MAX (Германия) | C53: 30000 | D53: 30000 | E53: =D53*1.6 -> 48000 | F53: =E53+D53 -> 78000
A54: 4 | B54: Вкладки | E54: =D54*1.8 -> 0 | F54: =E54+D54 -> 0
A55: 4.1 | B55: Вкладка культевая | C55: 3500 | D55: =C55*1.2 -> 4200 | E55: =D55*1.6 -> 6720 | F55: =E55+D55 -> 10920
A56: 4.2 | B56: Вкладка внутрикорневая разборная CoCr | C56: 3500 | D56: =C56*1.2 -> 4200 | E56: =D56*1.6 -> 6720 | F56: =E56+D56 -> 10920
A57: 4.3 | B57: Вкладка циркониевая разборная | C57: 10000 | D57: =C57*1.2 -> 12000 | E57: =D57*1.6 -> 19200 | F57: =E57+D57 -> 31200
A58: 4.4 | B58: Вкладка культевая циркониевая | C58: 5000 | D58: =C58*1.2 -> 6000 | E58: =D58*1.6 -> 9600 | F58: =E58+D58 -> 15600
A59: 4.5 | B59: Вкладка культевая E.MAX | C59: 20000 | D59: =C59*1.2 -> 24000 | E59: =D59*1.6 -> 38400 | F59: =E59+D59 -> 62400
A60: 5 | B60: Цельнолитая коронка
A61: 5.1 | B61: Цельнолитая коронка Cocr | C61: 3500 | D61: =C61*1.2 -> 4200 | E61: =D61*1.6 -> 6720 | F61: 11000
A62: 6 | B62: Временная реставрация
A63: 6.1 | B63: Временная пластмассовая коронка | C63: 2000 | D63: =C63*1.2 -> 2400 | E63: =D63*1.6 -> 3840 | F63: =E63+D63 -> 6240
A64: 6.2 | B64: Временная пластмассовая отфрезерованная коронка длительного ношения на системе CAD-CAM | C64: 2500 | D64: =C64*1.2 -> 3000 | E64: =D64*1.6 -> 4800 | F64: =E64+D64 -> 7800
A65: 6.3 | B65: Временная коронка на имплантате отфрезерованная (без стоимости абатмента) на системе CAD-CAM | C65: 2500 | D65: =C65*1.2 -> 3000 | E65: =D65*1.6 -> 4800 | F65: =E65+D65 -> 7800
A66: 7 | B66: Диагностика
A67: 7.1 | B67: Диагностическая модель из простого гипса | C67: 3000 | D67: =C67*1.2 -> 3600 | E67: =D67*1.6 -> 5760 | F67: =E67+D67 -> 9360
A68: 7.2 | B68: Диагностическая модель из супер гипса -3,4 класса | C68: 5000 | D68: =C68*1.2 -> 6000 | E68: =D68*1.6 -> 9600 | F68: =E68+D68 -> 15600
A69: 7.3 | B69: Прикусные валики на жёстком базисе | C69: 3000 | D69: =C69*1.2 -> 3600 | E69: =D69*1.6 -> 5760 | F69: =E69+D69 -> 9360
A70: 8 | B70: Починка, перебазировка
A71: 8.1 | B71: Починка съемного протеза | C71: 3000 | D71: =C71*1.2 -> 3600 | E71: =D71*1.6 -> 5760 | F71: =E71+D71 -> 9360
A72: 8.2 | B72: Приварка одного зуба | C72: 3000 | D72: =C72*1.2 -> 3600 | E72: =D72*1.6 -> 5760 | F72: =E72+D72 -> 9360
A73: 8.3 | B73: Приварка одного кламмера | C73: 3000 | D73: =C73*1.2 -> 3600 | E73: =D73*1.6 -> 5760 | F73: =E73+D73 -> 9360
A74: 8.4 | B74: Перебазировка съемного протеза | C74: 5000 | D74: =C74*1.2 -> 6000 | E74: =D74*1.6 -> 9600 | F74: =E74+D74 -> 15600
A75: 8.5 | B75: Перебазировка (мягкая прокладка) | C75: 5000 | D75: =C75*1.2 -> 6000 | E75: =D75*1.6 -> 9600 | F75: =E75+D75 -> 15600
A76: 8.6 | B76: Замена уплотнительных резинок в бюгельных протезах | C76: 7000 | D76: =C76*1.2 -> 8400 | E76: =D76*1.6 -> 13440 | F76: =E76+D76 -> 21840
A77: 9 | B77: Съемные протезы
A78: 9.1 | B78: Био Дента пласт | C78: 30000 | D78: =C78*1.2 -> 36000 | E78: 36000 | F78: 70000
A79: 9.2 | B79: Индивидуальная ложка | C79: 3000 | D79: =C79*1.2 -> 3600 | E79: =D79*1.6 -> 5760 | F79: =E79+D79 -> 9360
A80: 9.3 | B80: Микропротез до 3-х зубов | C80: 3500 | D80: =C80*1.2 -> 4200 | E80: =D80*1.6 -> 6720 | F80: 10000
A81: 9.4 | B81: Нейлоновый микропротез до 3-х зубов (гибкий) | C81: 7500 | D81: =C81*1.2 -> 9000 | E81: =D81*1.6 -> 14400 | F81: =E81+D81 -> 23400
A82: 9.5 | B82: Частичный съемный протез | C82: 10000 | D82: =C82*1.2 -> 12000 | E82: =D82*1.6 -> 19200 | F82: =E82+D82 -> 31200
A83: 9.6 | B83: Польный съемный протез | C83: 10000 | D83: =C83*1.2 -> 12000 | E83: =D83*1.6 -> 19200 | F83: 25000
A84: 9.7 | B84: Протез на шаровых аттачментах (без стоимости абатментов, гарнитуры) | C84: 10000 | D84: =C84*1.2 -> 12000 | E84: =D84*1.6 -> 19200 | F84: =E84+D84 -> 31200
A85: 9.8 | B85: Полный, частично съемный протез с импортными зубами (без стоимости гарнитуры) | C85: 20000 | D85: =C85*1.2 -> 24000 | E85: =D85*1.6 -> 38400 | F85: =E85+D85 -> 62400 | G85: =F84*21% -> 6552
A86: 9.9 | B86: Термо - бюгельный протез | C86: 15000 | D86: =C86*1.2 -> 18000 | E86: =D86*1.6 -> 28800 | F86: =E86+D86 -> 46800 | G86: =G83-G85-2000 -> -8552
A87: 9.10 | B87: Съемный протез на Бал-аттачментах | C87: 30000 | D87: =C87*1.2 -> 36000 | E87: =D87*1.6 -> 57600 | F87: =E87+D87 -> 93600
A88: 9.11 | B88: Условно-съемный прпотез на имплантах | C88: 40000 | D88: =C88*1.2 -> 48000 | E88: =D88*1.6 -> 76800 | F88: =E88+D88 -> 124800
A89: 9.12 | B89: Изготовление балки CoCr (без стоимости абатмента) | C89: 20000 | D89: =C89*1.2 -> 24000 | E89: =D89*1.6 -> 38400 | F89: =E89+D89 -> 62400
A90: 10 | B90: Бюгельные протезы | C90: 50000 | D90: =C90*1.2 -> 60000 | E90: =D90*1.6 -> 96000 | F90: =E90+D90 -> 156000
A91: 10.1 | B91: Бюгельный протез шинирующий | C91: 25000 | D91: =C91*1.2 -> 30000 | E91: =D91*1.6 -> 48000 | F91: =E91+D91 -> 78000
A92: 10.2 | B92: Съемный протез с гибкими кламерами (2 кламера) | C92: 25000 | D92: =C92*1.2 -> 30000 | E92: =D92*1.6 -> 48000 | F92: =E92+D92 -> 78000
A93: 10.3 | B93: Бюгельный протез (Bio Dentoplast) | C93: 15000 | D93: =C93*1.2 -> 18000 | E93: =D93*1.6 -> 28800 | F93: =E93+D93 -> 46800
A94: 10.4 | B94: Бюгельный протез (Bio Dentoplast micro) | C94: 30000 | D94: =C94*1.2 -> 36000 | E94: =D94*1.6 -> 57600 | F94: =E94+D94 -> 93600

Sheet анализы лаб 
D1: Утверждено приказом Главного врача ГКП на ПХВ «Городская больница №2» управления здравоохранения города Шымкент Приложение № 1 к приказу Главного врача ГКП на ПХВ «Городская больница №2» управления здравоохранения города Шымкент от «______» февраля 2023 года № _______ н/қ
A3: ПРЕЙСКУРАНТ ЦЕН ПО ПЛАТНЫМ УСЛУГАМ
A4: ГКП на ПХВ "Городская больница №2" УЗ г.Шымкент
A6: Код услуги | B6: Наименование услуги | C6: Ед.измерения | D6: Стоимость услуги | E6: Примечание
B7: =Калькуляция!B175 -> ЛАБОРАТОРИЯ
B8: Лаборатория иммунодотинговых анализов
A9: LAB 78 | B9: ='[104]иммунодотинговый анализ кальку'!B8 -> Антинуклеарный фактор на клеточной линии Hep-2 (АНФ)- титр и тип свечения | C9: услуга | D9: ='[104]иммунодотинговый анализ кальку'!P8 -> 5400
A10: LAB 79 | B10: ='[104]иммунодотинговый анализ кальку'!B9 -> Определение высокоаффинных антител к дс ДНК на клетках С.Luciliae | C10: услуга | D10: ='[104]иммунодотинговый анализ кальку'!P9 -> 6700
A11: LAB 80 | B11: ='[104]иммунодотинговый анализ кальку'!B10 -> Дифференциальная диагностика системный заболеваний соединительной ткани АНФ, дс ДНК, нуклеосомы, гистоны, Sm,SS-A/Ro 60, PO, Jo-1, RNP, SS-B, Scl-70, CENP-B | C11: услуга | D11: ='[104]иммунодотинговый анализ кальку'!P10 -> 20000
A12: LAB 81 | B12: ='[104]иммунодотинговый анализ кальку'!B11 -> Антинейтрофильные цитоплазмические антитела lgG(cANCA) скрининговый тест | C12: услуга | D12: ='[104]иммунодотинговый анализ кальку'!P11 -> 7800
A13: LAB 82 | B13: ='[104]иммунодотинговый анализ кальку'!B12 -> Антитела lgG к базальной мембране клубочков почек (GBM) | C13: услуга | D13: ='[104]иммунодотинговый анализ кальку'!P12 -> 11400
A14: LAB 83 | B14: ='[104]иммунодотинговый анализ кальку'!B13 -> Дифференциальная диагностика быстропрогрессирующего гломерулонефрита и васкулитов: Антитела к базальной мембране клубочка (БМК), анти-ПР3, анти-MPO | C14: услуга | D14: ='[105]иммунодотинговый анализ кальку'!$P$13 -> 17700
A15: LAB 84 | B15: ='[104]иммунодотинговый анализ кальку'!B14 -> Иммуноблот для дифференциальной диагностики аутоиммунных заболеваний печени, IgG (антитела к gp210, sp100, LKM1, M2, SLA, F-actin, LC1) и АНФ | C15: услуга | D15: ='[104]иммунодотинговый анализ кальку'!P14 -> 25000
A16: LAB 85 | B16: ='[104]иммунодотинговый анализ кальку'!B15 -> Скрининг аутоиммунных заболеваний ЖКТ: АНФ и определениe антиядерных, антимитохондриальных, антигладкомышечных, антипариетальных антител (ANA/AMA/ASMA/APCA) | C16: услуга | D16: ='[104]иммунодотинговый анализ кальку'!P15 -> 11800
A17: LAB 86 | B17: ='[104]иммунодотинговый анализ кальку'!B16 -> Диагностика целиакии: Определение антител IgA к эндомизию (EmA), к тканевой трансглутаминазе (tTG2), дезаминированному пептиду глиадина (DG), с контролем общего иммуноглобулина A (IgA) | C17: услуга | D17: ='[104]иммунодотинговый анализ кальку'!P16 -> 12700
B18: ='изм 2023'!B19 -> Анализы методом иммунохемилюминесценции
A19: LAB 87 | B19: ='[104]иммунодотинговый анализ ка (2'!B7 -> Определение свободного тироксина (T4) в сыворотке крови методом иммунохемилюминесценции | C19: услуга | D19: ='[104]иммунодотинговый анализ ка (2'!P7 -> 4000
A20: LAB 88 | B20: ='[104]иммунодотинговый анализ ка (2'!B8 -> Определение свободного трийодтиронина (T3) в сыворотке крови методом иммунохемилюминесценции | C20: услуга | D20: ='[104]иммунодотинговый анализ ка (2'!P8 -> 4100
A21: LAB 89 | B21: ='[104]иммунодотинговый анализ ка (2'!B9 -> Определение общего трииодтиронина (T3) в сыворотке крови методом иммунохемилюминесценции | C21: услуга | D21: ='[104]иммунодотинговый анализ ка (2'!P9 -> 3800
A22: LAB 90 | B22: ='[104]иммунодотинговый анализ ка (2'!B10 -> Определение общего тироксина (T4) в сыворотке крови методом иммунохемилюминесценции | C22: услуга | D22: ='[104]иммунодотинговый анализ ка (2'!P10 -> 3800
A23: LAB 91 | B23: ='[104]иммунодотинговый анализ ка (2'!B11 -> Определение антител к тиреопероксидазе (а-ТПО) в сыворотке крови методом иммунохемилюминесценции | C23: услуга | D23: ='[104]иммунодотинговый анализ ка (2'!P11 -> 5600
A24: LAB 92 | B24: ='[104]иммунодотинговый анализ ка (2'!B12 -> Определение тиреоглобулина в сыворотке крови методом иммунохемилюминесценции | C24: услуга | D24: ='[104]иммунодотинговый анализ ка (2'!P12 -> 5100
A25: LAB 93 | B25: ='[104]иммунодотинговый анализ ка (2'!B13 -> Определение антител к тиреоглобулину (АТ к ТГ) в сыворотке крови методом иммунохемилюминесценции | C25: услуга | D25: ='[104]иммунодотинговый анализ ка (2'!P13 -> 4800
A26: LAB 94 | B26: ='[104]иммунодотинговый анализ ка (2'!B14 -> Определение тиреотропного гормона (ТТГ) в сыворотке крови методом иммунохемилюминесценции | C26: услуга | D26: ='[104]иммунодотинговый анализ ка (2'!P14 -> 4500
A27: LAB 95 | B27: ='[104]иммунодотинговый анализ ка (2'!B15 -> Определение витамина B 12 методом иммунохемилюминесценции | C27: услуга | D27: ='[104]иммунодотинговый анализ ка (2'!P15 -> 3800
A28: LAB 96 | B28: ='[104]иммунодотинговый анализ ка (2'!B16 -> Определение фолатов методом иммунохемилюминисценции | C28: услуга | D28: ='[104]иммунодотинговый анализ ка (2'!P16 -> 3800
A29: LAB 97 | B29: ='[104]иммунодотинговый анализ ка (2'!B17 -> Определение трансферина в сыворотке крови | C29: услуга | D29: ='[104]иммунодотинговый анализ ка (2'!P17 -> 9200
A30: LAB 98 | B30: ='[104]иммунодотинговый анализ ка (2'!B18 -> Определение тропонина в сыворотке крови методом иммунохемилюминесценцииценции | C30: услуга | D30: ='[104]иммунодотинговый анализ ка (2'!P18 -> 7500
... A69: LAB 137 | B69: ='[104]иммунодотинговый анализ ка (2'!B57 -> Определение прокальцитонина в сыворотке крови методом иммунохемилюминисценции | C69: услуга | D69: ='[104]иммунодотинговый анализ ка (2'!P57 -> 12500
A70: LAB 138 | B70: ='[104]иммунодотинговый анализ ка (2'!B58 -> Забор крови | C70: услуга | D70: 600
A71: ПРИМЕЧАНИЕ:
A72: Стоимость медикаментов будут меняться в зависимости от рыночных цен и курса валют.

Sheet изм 2023
D1: Утверждено приказом Главного врача ГКП на ПХВ «Городская больница №2» управления здравоохранения города Шымкент Приложение № 1 к приказу Главного врача ГКП на ПХВ «Городская больница №2» управления здравоохранения города Шымкент от «______» февраля 2023 года № _______ н/қ
A3: ПРЕЙСКУРАНТ ЦЕН ПО ПЛАТНЫМ УСЛУГАМ
A4: ГКП на ПХВ "Городская больница №2" УЗ г.Шымкент
A6: Код услуги | B6: Наименование услуги | C6: Ед.измерения | D6: Стоимость услуги | E6: Примечание
B7: =Калькуляция!B175 -> ЛАБОРАТОРИЯ
B8: Лаборатория иммунодотинговых анализов
A9: LAB 77 | B9: ='[104]иммунодотинговый анализ кальку'!B7 -> ANA-Иммуноблот для качественного определения 12 антител IgG к ядерным, цитоплазматическим антигенам (дсДНК, нуклеосомы, гистоны, Sm, SS-A/Ro 60, P0, Jo-1, RNP, SS-A/Ro 52, SS-B, Scl-70, CENP-B). | C9: услуга | D9: ='[104]иммунодотинговый анализ кальку'!P7 -> 35000 | E9: 34582.01
A10: LAB 78 | B10: ='[104]иммунодотинговый анализ кальку'!B8 -> Антинуклеарный фактор на клеточной линии Hep-2 (АНФ)- титр и тип свечения | C10: услуга | D10: ='[104]иммунодотинговый анализ кальку'!P8 -> 5400
A11: LAB 79 | B11: ='[104]иммунодотинговый анализ кальку'!B9 -> Определение высокоаффинных антител к дс ДНК на клетках С.Luciliae | C11: услуга | D11: ='[104]иммунодотинговый анализ кальку'!P9 -> 6700
A12: LAB 80 | B12: ='[104]иммунодотинговый анализ кальку'!B10 -> Дифференциальная диагностика системный заболеваний соединительной ткани АНФ, дс ДНК, нуклеосомы, гистоны, Sm,SS-A/Ro 60, PO, Jo-1, RNP, SS-B, Scl-70, CENP-B | C12: услуга | D12: ='[104]иммунодотинговый анализ кальку'!P10 -> 20000
A13: LAB 81 | B13: ='[104]иммунодотинговый анализ кальку'!B11 -> Антинейтрофильные цитоплазмические антитела lgG(cANCA) скрининговый тест | C13: услуга | D13: ='[104]иммунодотинговый анализ кальку'!P11 -> 7800
A14: LAB 82 | B14: ='[104]иммунодотинговый анализ кальку'!B12 -> Антитела lgG к базальной мембране клубочков почек (GBM) | C14: услуга | D14: ='[104]иммунодотинговый анализ кальку'!P12 -> 11400
A15: LAB 83 | B15: ='[104]иммунодотинговый анализ кальку'!B13 -> Дифференциальная диагностика быстропрогрессирующего гломерулонефрита и васкулитов: Антитела к базальной мембране клубочка (БМК), анти-ПР3, анти-MPO | C15: услуга | D15: ='[104]иммунодотинговый анализ кальку'!P13 -> 10900
A16: LAB 84 | B16: ='[104]иммунодотинговый анализ кальку'!B14 -> Иммуноблот для дифференциальной диагностики аутоиммунных заболеваний печени, IgG (антитела к gp210, sp100, LKM1, M2, SLA, F-actin, LC1) и АНФ | C16: услуга | D16: ='[104]иммунодотинговый анализ кальку'!P14 -> 25000
A17: LAB 85 | B17: ='[104]иммунодотинговый анализ кальку'!B15 -> Скрининг аутоиммунных заболеваний ЖКТ: АНФ и определениe антиядерных, антимитохондриальных, антигладкомышечных, антипариетальных антител (ANA/AMA/ASMA/APCA) | C17: услуга | D17: ='[104]иммунодотинговый анализ кальку'!P15 -> 11800
A18: LAB 86 | B18: ='[104]иммунодотинговый анализ кальку'!B16 -> Диагностика целиакии: Определение антител IgA к эндомизию (EmA), к тканевой трансглутаминазе (tTG2), дезаминированному пептиду глиадина (DG), с контролем общего иммуноглобулина A (IgA) | C18: услуга | D18: ='[104]иммунодотинговый анализ кальку'!P16 -> 12700
B19: Анализы методом иммунохемилюминесценции
A20: LAB 87 | B20: ='[104]иммунодотинговый анализ ка (2'!B7 -> Определение свободного тироксина (T4) в сыворотке крови методом иммунохемилюминесценции | C20: услуга | D20: ='[104]иммунодотинговый анализ ка (2'!P7 -> 4000 | E20: 1947.09
A21: LAB 88 | B21: ='[104]иммунодотинговый анализ ка (2'!B8 -> Определение свободного трийодтиронина (T3) в сыворотке крови методом иммунохемилюминесценции | C21: услуга | D21: ='[104]иммунодотинговый анализ ка (2'!P8 -> 4100 | E21: 2234.43
A22: LAB 89 | B22: ='[104]иммунодотинговый анализ ка (2'!B9 -> Определение общего трииодтиронина (T3) в сыворотке крови методом иммунохемилюминесценции | C22: услуга | D22: ='[104]иммунодотинговый анализ ка (2'!P9 -> 3800 | E22: 1181.66
A23: LAB 90 | B23: ='[104]иммунодотинговый анализ ка (2'!B10 -> Определение общего тироксина (T4) в сыворотке крови методом иммунохемилюминесценции | C23: услуга | D23: ='[104]иммунодотинговый анализ ка (2'!P10 -> 3800 | E23: 1181.66
A24: LAB 91 | B24: ='[104]иммунодотинговый анализ ка (2'!B11 -> Определение антител к тиреопероксидазе (а-ТПО) в сыворотке крови методом иммунохемилюминесценции | C24: услуга | D24: ='[104]иммунодотинговый анализ ка (2'!P11 -> 5600 | E24: 2432.91
A25: LAB 92 | B25: ='[104]иммунодотинговый анализ ка (2'!B12 -> Определение тиреоглобулина в сыворотке крови методом иммунохемилюминесценции | C25: услуга | D25: ='[104]иммунодотинговый анализ ка (2'!P12 -> 5100 | E25: 3936.02
A26: LAB 93 | B26: ='[104]иммунодотинговый анализ ка (2'!B13 -> Определение антител к тиреоглобулину (АТ к ТГ) в сыворотке крови методом иммунохемилюминесценции | C26: услуга | D26: ='[104]иммунодотинговый анализ ка (2'!P13 -> 4800 | E26: 2423.94
A27: LAB 94 | B27: ='[104]иммунодотинговый анализ ка (2'!B14 -> Определение тиреотропного гормона (ТТГ) в сыворотке крови методом иммунохемилюминесценции | C27: услуга | D27: ='[104]иммунодотинговый анализ ка (2'!P14 -> 4500 | E27: 1167.85
A28: LAB 95 | B28: ='[104]иммунодотинговый анализ ка (2'!B15 -> Определение витамина B 12 методом иммунохемилюминесценции | C28: услуга | D28: ='[104]иммунодотинговый анализ ка (2'!P15 -> 3800 | E28: 980.66
A29: LAB 96 | B29: ='[104]иммунодотинговый анализ ка (2'!B16 -> Определение фолатов методом иммунохемилюминисценции | C29: услуга | D29: ='[104]иммунодотинговый анализ ка (2'!P16 -> 3800 | E29: 2755.27
A30: LAB 97 | B30: ='[104]иммунодотинговый анализ ка (2'!B17 -> Определение трансферина в сыворотке крови | C30: услуга | D30: ='[104]иммунодотинговый анализ ка (2'!P17 -> 9200 | E30: 867.21
A31: LAB 98 | B31: ='[104]иммунодотинговый анализ ка (2'!B18 -> Определение тропонина в сыворотке крови методом иммунохемилюминесценцииценции | C31: услуга | D31: ='[104]иммунодотинговый анализ ка (2'!P18 -> 7500 | E31: 6560.33
... A70: LAB 137 | B70: ='[104]иммунодотинговый анализ ка (2'!B57 -> Определение прокальцитонина в сыворотке крови методом иммунохемилюминисценции | C70: услуга | D70: ='[104]иммунодотинговый анализ ка (2'!P57 -> 12500 | E70: 8088.1
A72: ПРИМЕЧАНИЕ:
A73: Стоимость медикаментов будут меняться в зависимости от рыночных цен и курса валют.

Sheet 2023
D1: Утверждено приказом Главного врача ГКП на ПХВ «Городская больница №2» управления здравоохранения города Шымкент Приложение № 1 к приказу Главного врача ГКП на ПХВ «Городская больница №2» управления здравоохранения города Шымкент от «______» ________ 2023 года № _______ н/қ
A3: ПРЕЙСКУРАНТ ЦЕН ПО ПЛАТНЫМ УСЛУГАМ
A4: ГКП на ПХВ "Городская больница №2" УЗ г.Шымкент
A6: Код услуги | B6: Наименование услуги | C6: Ед.измерения | D6: Стоимость услуги | E6: Примечание
B7: =[84]Калькуляция!B19 -> Консультативный прием
A8: =Калькуляция!A18 -> KON 01 | B8: =Калькуляция!B18 -> Консультативный прием терапевтического профиля (терапевт, педиатр, гастроэтеролог, эндокринолог, невропотолог, ревматолог, пульмонолог, кардиолог, аллерголог, нефролог, инфекционист, сосудистый хирург, гематолог) | C8: услуга | D8: =Калькуляция!M18 -> 5000 | E8: каждая услуга по показаниям
A9: KON 01 | B9: Консультативный прием терапевтического профиля (терапевт, педиатр, гастроэтеролог, эндокринолог, невропотолог, ревматолог, пульмонолог, кардиолог, аллерголог, нефролог, инфекционист, сосудистый хирург, гематолог) Выбор врача | C9: услуга | D9: 7000 | E9: каждая услуга по показаниям
A10: KON 01 | B10: Консультативный прием терапевтического профиля (терапевт, педиатр, гастроэтеролог, эндокринолог, невропотолог, ревматолог, пульмонолог, кардиолог, аллерголог, нефролог, инфекционист, сосудистый хирург, гематолог) Выбор врача | C10: услуга | D10: 10000 | E10: каждая услуга по показаниям
A11: =Калькуляция!A19 -> KON 02 | B11: =Калькуляция!B19 -> Консультативный прием хирургического профиля (акушер-гинеколог, онколог, маммолог, офтальмолог, профпатолог, проктолог, хирург, уролог, оториноларинголог, стомотолог) | C11: услуга | D11: =Калькуляция!M19 -> 5500 | E11: каждая услуга по показаниям
A12: KON 02 | B12: Консультативный прием хирургического профиля (акушер-гинеколог, онколог, маммолог, офтальмолог, профпатолог, проктолог, хирург, уролог, оториноларинголог, стомотолог) Выбор врача | C12: услуга | D12: 7000 | E12: каждая услуга по показаниям
A13: KON 02 | B13: Консультативный прием хирургического профиля (акушер-гинеколог, онколог, маммолог, офтальмолог, профпатолог, проктолог, хирург, уролог, оториноларинголог, стомотолог) | C13: услуга | D13: 10000 | E13: каждая услуга по показаниям
A14: KON 03 | B14: Повторный консультативный прием в течении 7 календарных дней | C14: услуга | D14: 3000 | E14: каждая услуга по показаниям
A15: =Калькуляция!A20 -> KON 04 | B15: =Калькуляция!B20 -> Консультация нейрохирурга | C15: услуга | D15: =Калькуляция!M20 -> 10000
B16: =[84]хронометраж!A11 -> Консультативный прием на дому
A17: =[84]Калькуляция!A24 -> KPD 01 | B17: Консультативный прием терапевтического профиля (терапевт, педиатр, гастроэтеролог, эндокринолог, невропотолог, ревматолог, пульмонолог, кардиолог, аллерголог, нефролог, инфекционист, сосудистый хирург) на дому | C17: услуга | D17: =[84]Калькуляция!M24 -> 8700 | E17: каждая услуга по показаниям
A18: =[84]Калькуляция!A25 -> KPD 02 | B18: Консультативный прием хирургического профиля (акушер-гинеколог, онколог, маммолог, офтальмолог, профпатолог, проктолог, хирург, уролог, оториноларинголог, стомотолог) на дому | C18: услуга | D18: =[84]Калькуляция!M25 -> 9200 | E18: каждая услуга по показаниям
B19: =[84]Калькуляция!B26 -> Медицинский осмотр
A20: =[84]Калькуляция!A27 -> MOO 01 | B20: =[84]Калькуляция!B27 -> Медицинское обследование лиц, поступающих на учебу, работу по форме№075/У (терапевт, нарколог, психиатр, наркотест, профпатолог,микрореакция, флюорография) | C20: услуга | D20: =[84]Калькуляция!M27 -> 4000
B21: =Калькуляция!B26 -> Рентген
A22: =Калькуляция!A27 -> REN 01 | B22: =Калькуляция!B27 -> Рентгенография таза | C22: услуга | D22: =Калькуляция!M27 -> 3000
A23: =Калькуляция!A28 -> REN 02 | B23: =Калькуляция!B28 -> R-графия тазобедренного сустава | C23: услуга | D23: =Калькуляция!M28 -> 3000
A24: =Калькуляция!A29 -> REN 03 | B24: =Калькуляция!B29 -> R-графия лёгких (обзорная) | C24: услуга | D24: =Калькуляция!M29 -> 3000
A25: =Калькуляция!A30 -> REN 04 | B25: =Калькуляция!B30 -> R-графия лёгких (боковая) | C25: услуга | D25: =Калькуляция!M30 -> 2500
A26: =Калькуляция!A31 -> REN 05 | B26: =Калькуляция!B31 -> R-графия брюшной полости | C26: услуга | D26: =Калькуляция!M31 -> 3500
A27: =Калькуляция!A32 -> REN 06 | B27: =Калькуляция!B32 -> Внутривенная урография | C27: услуга | D27: =Калькуляция!M32 -> 7000
A28: =Калькуляция!A33 -> REN 07 | B28: =Калькуляция!B33 -> R-графия грудного отдела позвоночника ( в 1 проекции) | C28: услуга | D28: =Калькуляция!M33 -> 4200
A29: =Калькуляция!A34 -> REN 08 | B29: =Калькуляция!B34 -> R-графия грудного отдела позвоночника ( в 2 проекции) | C29: услуга | D29: =Калькуляция!M34 -> 4200
A30: =Калькуляция!A35 -> REN 09 | B30: =Калькуляция!B35 -> R-графия черепа ( в 1 проекции) | C30: услуга | D30: =Калькуляция!M35 -> 3200
A31: =Калькуляция!A36 -> REN 10 | B31: =Калькуляция!B36 -> R-графия черепа ( в 2 проекциях) | C31: услуга | D31: =Калькуляция!M36 -> 2900
A32: =Калькуляция!A37 -> REN 11 | B32: =Калькуляция!B37 -> R-графия пояснично-крестцового отдела позвоночника ( в 1 проекции) | C32: услуга | D32: =Калькуляция!M37 -> 4200
A33: =Калькуляция!A38 -> REN 12 | B33: =Калькуляция!B38 -> R-графия пояснично-крестцового отдела позвоночника ( в 2 проекциях) | C33: услуга | D33: =Калькуляция!M38 -> 4500
... A46: =Калькуляция!A51 -> REN 25 | B46: =Калькуляция!B51 -> R-графия лопатки | C46: услуга | D46: =Калькуляция!M51 -> 2200
A47: =Калькуляция!A52 -> REN 26 | B47: =Калькуляция!B52 -> Фистулография | C47: услуга | D47: 10000
A48: =Калькуляция!A53 -> REN 27 | B48: =Калькуляция!B53 -> Гистеросальпингография | C48: услуга | D48: =Калькуляция!M53 -> 7000
A49: =Калькуляция!A54 -> REN 28 | B49: =Калькуляция!B54 -> Флюорография | C49: услуга | D49: =Калькуляция!M54 -> 900
A50: =Калькуляция!A55 -> REN 29 | B50: =Калькуляция!B55 -> Прицельная R-графия пазух носа | C50: услуга | D50: 4000
A51: =Калькуляция!A56 -> REN 30 | B51: =Калькуляция!B56 -> Прицельная R-графия костей носа | C51: услуга | D51: =Калькуляция!M56 -> 2200
A52: =Калькуляция!A57 -> REN 31 | B52: =Калькуляция!B57 -> Прицельная R-графия костей стопы | C52: услуга | D52: =Калькуляция!M57 -> 2500
A53: =Калькуляция!A58 -> REN 32 | B53: =Калькуляция!B58 -> Прицельная R-графия костей кисти | C53: услуга | D53: =Калькуляция!M58 -> 3000
A54: =Калькуляция!A59 -> REN 33 | B54: =Калькуляция!B59 -> Томография | C54: услуга | D54: =Калькуляция!M59 -> 3600
A55: =Калькуляция!A60 -> REN 34 | B55: =Калькуляция!B60 -> R-скопия легких | C55: услуга | D55: =Калькуляция!M60 -> 1800
A56: =Калькуляция!A61 -> REN 35 | B56: =Калькуляция!B61 -> R-графия желудка | C56: услуга | D56: =Калькуляция!M61 -> 7000
A57: =Калькуляция!A62 -> REN 36 | B57: =Калькуляция!B62 -> R-графия пищевода и желудка | C57: услуга | D57: 16000
A58: =Калькуляция!A63 -> REN 37 | B58: =Калькуляция!B63 -> R-графия толстой кишки | C58: услуга | D58: =Калькуляция!M63 -> 11500
B59: =Калькуляция!B64 -> УЗИ
A60: =Калькуляция!A65 -> UZI 01 | B60: =Калькуляция!B65 -> УЗИ комплекс (печени, желчного пузыря, поджелудочной железы, селезенки, почки) | C60: услуга | D60: =Калькуляция!M65 -> 7200
A61: =Калькуляция!A66 -> UZI 02 | B61: =Калькуляция!B66 -> УЗИ гепатобилиопанкреатической области (печени, желчного пузыря, поджелудочной железы, селезенки) | C61: услуга | D61: =Калькуляция!M66 -> 6100
A62: =Калькуляция!A67 -> UZI 03 | B62: =Калькуляция!B67 -> УЗИ одного органа (печень, желчный пузырь, селезенка, поджелудочный железа, почки,молочных желез, мягких тканей, симфиза, мочевого пузыря с определением остаточной мочи) | C62: услуга | D62: =Калькуляция!M67 -> 4200
A63: =Калькуляция!A68 -> UZI 04 | B63: =Калькуляция!B68 -> УЗИ простаты+мочевого пузыря с определением остаточной мочи | C63: услуга | D63: =Калькуляция!M68 -> 7200
A64: =Калькуляция!A69 -> UZI 05 | B64: =Калькуляция!B69 -> УЗИ мошонки | C64: услуга | D64: =Калькуляция!M69 -> 5200
A65: =Калькуляция!A70 -> UZI 06 | B65: =Калькуляция!B70 -> УЗИ при гинекологических заболеваниях | C65: услуга | D65: =Калькуляция!M70 -> 5400
A66: =Калькуляция!A71 -> UZI 07 | B66: =Калькуляция!B71 -> УЗИ беременности | C66: услуга | D66: =Калькуляция!M71 -> 5400
A67: =Калькуляция!A72 -> UZI 08 | B67: =Калькуляция!B72 -> УЗИ сердца | C67: услуга | D67: =Калькуляция!M72 -> 6100
A68: =Калькуляция!A73 -> UZI 09 | B68: =Калькуляция!B73 -> УЗИ допплерография верхних конечностей вен | C68: услуга | D68: =Калькуляция!M73 -> 5600
A69: =Калькуляция!A74 -> UZI 10 | B69: =Калькуляция!B74 -> УЗИ допплерография верхних конечностей артерий | C69: услуга | D69: =Калькуляция!M74 -> 5600
A70: =Калькуляция!A75 -> UZI 11 | B70: =Калькуляция!B75 -> УЗИ допплерография нижних конечностей вен | C70: услуга | D70: =Калькуляция!M75 -> 5600
A71: =Калькуляция!A76 -> UZI 12 | B71: =Калькуляция!B76 -> УЗИ допплерография нижних конечностей артерий | C71: услуга | D71: =Калькуляция!M76 -> 5600
... A76: =Калькуляция!A81 -> UZI 17 | B76: =Калькуляция!B81 -> УЗИ суставов | C76: услуга | D76: =Калькуляция!M81 -> 5100
B77: =Калькуляция!B82 -> Компьютерная томография
A78: =Калькуляция!A83 -> KT 01 | B78: =Калькуляция!B83 -> Компьютерная томография головного мозга без введения контрастного вещества | C78: услуга | D78: =Калькуляция!M83 -> 12500 | E78: после 18-00 часов 20% скидка
A79: =Калькуляция!A84 -> KT 02 | B79: =Калькуляция!B84 -> Компьютерная томография органов грудной клетки без введения контрастного вещества | C79: услуга | D79: =Калькуляция!M84 -> 12500 | E79: после 18-00 часов 20% скидка
A80: =Калькуляция!A85 -> KT 03 | B80: =Калькуляция!B85 -> Компьютерная томография органов грудной клетки с болюсным введением контрастного вещества | C80: услуга | D80: =Калькуляция!M85 -> 37500 | E80: после 18-00 часов 20% скидка
A81: =Калькуляция!A86 -> KT 04 | B81: =Калькуляция!B86 -> Компьютерная томография органов брюшной полости без введения контрастного вещества | C81: услуга | D81: =Калькуляция!M86 -> 12500 | E81: после 18-00 часов 20% скидка
A82: =Калькуляция!A87 -> KT 05 | B82: =Калькуляция!B87 -> Компьютерная томография органов брюшной полости с болюсным введением контрастного вещества | C82: услуга | D82: =Калькуляция!M87 -> 37500 | E82: после 18-00 часов 20% скидка
A83: =Калькуляция!A88 -> KT 06 | B83: =Калькуляция!B88 -> Компьютерная томография почек и забрюшинного пространства без введения контрастного вещества | C83: услуга | D83: =Калькуляция!M88 -> 12500 | E83: после 18-00 часов 20% скидка
A84: =Калькуляция!A89 -> KT 07 | B84: =Калькуляция!B89 -> Компьютерная томография почек и забрюшинного пространство с болюсным введением контрастного вещества | C84: услуга | D84: =Калькуляция!M89 -> 37500 | E84: после 18-00 часов 20% скидка
A85: =Калькуляция!A90 -> KT 08 | B85: =Калькуляция!B90 -> Компьютерная томография придаточных пазух носа | C85: услуга | D85: =Калькуляция!M90 -> 12500 | E85: после 18-00 часов 20% скидка
A86: =Калькуляция!A91 -> KT 09 | B86: =Калькуляция!B91 -> Компьютерная томография верхних костей и мягких тканей одной области без введения контрастного вещества | C86: услуга | D86: =Калькуляция!M91 -> 12500 | E86: после 18-00 часов 20% скидка
A87: =Калькуляция!A92 -> KT 10 | B87: =Калькуляция!B92 -> Компьютерная томография нижних костей и мягких тканей одной области без введения контрастного вещества | C87: услуга | D87: =Калькуляция!M92 -> 12500 | E87: после 18-00 часов 20% скидка
A88: =Калькуляция!A93 -> KT 11 | B88: =Калькуляция!B93 -> Компьютерная томография плечевого сустава | C88: услуга | D88: =Калькуляция!M93 -> 12500 | E88: после 18-00 часов 20% скидка
A89: =Калькуляция!A94 -> KT 12 | B89: =Калькуляция!B94 -> Компьютерная томография шейного отдела позвоночника | C89: услуга | D89: =Калькуляция!M94 -> 12500 | E89: после 18-00 часов 20% скидка
... A98: =Калькуляция!A103 -> KT 21 | B98: =Калькуляция!B103 -> Компьютерная томография надпочечников без введения контрастного вещества | C98: услуга | D98: =Калькуляция!M103 -> 12500 | E98: после 18-00 часов 20% скидка
B99: =Калькуляция!B104 -> Гинекологические услуги
A100: =Калькуляция!A105 -> GIN 01 | B100: =Калькуляция!B105 -> Биопсия шейки матки | C100: услуга | D100: =Калькуляция!M105 -> 6000
A101: =Калькуляция!A106 -> GIN 02 | B101: =Калькуляция!B106 -> Кольпоскопия | C101: услуга | D101: =Калькуляция!M106 -> 5000
A102: =Калькуляция!A107 -> GIN 03 | B102: =Калькуляция!B107 -> Массаж гинекологический | C102: услуга | D102: =Калькуляция!M107 -> 2500
A103: =Калькуляция!A108 -> GIN 04 | B103: =Калькуляция!B108 -> Введение ВМС (без стоимости спирали) | C103: услуга | D103: =Калькуляция!M108 -> 4500
A104: =Калькуляция!A109 -> GIN 05 | B104: =Калькуляция!B109 -> Введение ВМС (со стоимостью спирали) | C104: услуга | D104: =Калькуляция!M109 -> 6500
A105: =Калькуляция!A110 -> GIN 06 | B105: =Калькуляция!B110 -> Удаление ВМС | C105: услуга | D105: =Калькуляция!M110 -> 5000
A106: =Калькуляция!A111 -> GIN 07 | B106: =Калькуляция!B111 -> Вакуум-аспирация | C106: услуга | D106: =Калькуляция!M111 -> 10000
A107: =Калькуляция!A112 -> GIN 08 | B107: =Калькуляция!B112 -> Прижигание эрозии (диатермокоагуляция) | C107: услуга | D107: =Калькуляция!M112 -> 10000
A108: =Калькуляция!A113 -> GIN 09 | B108: =Калькуляция!B113 -> Диатермоконизация | C108: услуга | D108: =Калькуляция!M113 -> 15000
A109: =Калькуляция!A114 -> GIN 10 | B109: =Калькуляция!B114 -> Диатермоэксцизия | C109: услуга | D109: =Калькуляция!M114 -> 12000
A110: =Калькуляция!A115 -> GIN 11 | B110: =Калькуляция!B115 -> Забор мазка (гинекологический) | C110: услуга | D110: =Калькуляция!M115 -> 800
A111: =Калькуляция!A116 -> GIN 12 | B111: =Калькуляция!B116 -> Ванночки гинекологические | C111: услуга | D111: =Калькуляция!M116 -> 1000
A112: =Калькуляция!A117 -> GIN 13 | B112: =Калькуляция!B117 -> Введение тампонов с лекарственными средствами (без лекарств) | C112: услуга | D112: =Калькуляция!M117 -> 2000
B113: =Калькуляция!B118 -> Услуги хирурга
A114: =Калькуляция!A119 -> KHI 01 | B114: =Калькуляция!B119 -> Атеромотомия/ атеромэктомия | C114: услуга | D114: =Калькуляция!M119 -> 5500
A115: =Калькуляция!A120 -> KHI 02 | B115: =Калькуляция!B120 -> Биопсия кожи и/или подкожной клетчатки | C115: услуга | D115: =Калькуляция!M120 -> 4700
A116: =Калькуляция!A121 -> KHI 03 | B116: =Калькуляция!B121 -> Биопсия кожно-мышечного лоскута | C116: услуга | D116: =Калькуляция!M121 -> 4700
A117: =Калькуляция!A122 -> KHI 04 | B117: =Калькуляция!B122 -> Вскрытие абсцесса и флегмоны различных канализаций | C117: услуга | D117: =Калькуляция!M122 -> 7700
A118: =Калькуляция!A123 -> KHI 05 | B118: =Калькуляция!B123 -> Вскрытие фурункула и карбункула различных канализации | C118: услуга | D118: =Калькуляция!M123 -> 9000
A119: =Калькуляция!A124 -> KHI 06 | B119: =Калькуляция!B124 -> Вскрытие нагноившейся мозоли | C119: услуга | D119: =Калькуляция!M124 -> 6800
A120: =Калькуляция!A125 -> KHI 07 | B120: =Калькуляция!B125 -> Вскрытие и дренирование панариции (костного, суставного, сухожильного) | C120: услуга | D120: =Калькуляция!M125 -> 10700
A121: =Калькуляция!A126 -> KHI 08 | B121: =Калькуляция!B126 -> Вскрытие паронихия | C121: услуга | D121: =Калькуляция!M126 -> 6800
A122: =Калькуляция!A127 -> KHI 09 | B122: =Калькуляция!B127 -> Вскрытие и дренирование гематомы различных размеров | C122: услуга | D122: =Калькуляция!M127 -> 9000
A123: =Калькуляция!A128 -> KHI 10 | B123: =Калькуляция!B128 -> Вскрытие и дренирование гнойного лактационного мастита | C123: услуга | D123: =Калькуляция!M128 -> 9900
A124: =Калькуляция!A129 -> KHI 11 | B124: =Калькуляция!B129 -> Вскрытие гидроаденита | C124: услуга | D124: =Калькуляция!M129 -> 8100
A125: =Калькуляция!A130 -> KHI 12 | B125: =Калькуляция!B130 -> Вскрытие парапроктита | C125: услуга | D125: =Калькуляция!M130 -> 7100
... A139: =Калькуляция!A144 -> KHI 26 | B139: =Калькуляция!B144 -> Перевязка чистая | C139: услуга | D139: =Калькуляция!M144 -> 2200
...

Sheet 2024 вариант
D1: Утверждаю
D2: Главный врач ГКП на ПХВ «Городская больница №2» управления здравоохранения города Шымкент
D3: _____________Позилов Б.Д.
D4: « » 2024 г.
D6: Приложение №1
A9: ПРЕЙСКУРАНТ ЦЕН ПО ПЛАТНЫМ УСЛУГАМ
A10: ГКП на ПХВ "Городская больница №2" УЗ г.Шымкент
A12: Код услуги | B12: Наименование услуги | C12: Ед.измерения | D12: Стоимость услуги | E12: Примечание
B13: Сервисная палата
A14: PSP 01 | B14: Пребывание в сервисной палате (без питания) | C14: 1 койко/день | D14: 12000
A15: PSP 02 | B15: Пребывание в сервисной палате для сопровождающего (без питания) | C15: 1 койко/день | D15: 7000
A16: PSP 03 | B16: Пребывание в сервисной палате ( без сан.удобств,без питания) | C16: 1 койко/день | D16: 8000
B17: Сервисная палата (нейрохирургия)
A18: PSN 01 | B18: Стоимость 1 койко-дня без учета питания и медикаментов одноместной палаты | C18: 1 койко/день | D18: 20000
A19: PSN 02 | B19: Пребывание пациента в палате пробуждения (до 2 часов) | C19: услуга | D19: 6300
A20: PSN 03 | B20: Пребывание пациента в ОАРИТ | C20: 1 койко/день | D20: 40000
A21: PSN 04 | B21: Индивидуальный пост медицинской сестры на 1-го пациента (24 часа) | C21: сутки | D21: 66200
B22: Свободный выбор врача
A23: SVO 01 | B23: Свободный выбор врача при родах (самопроизвольные роды) | C23: услуга | D23: 70000
A24: SVO 02 | B24: Свободный выбор врача при родах (роды путем кесарева сечения) | C24: услуга | D24: 100000
B25: Партнерские роды
A26: PAR 01 | B26: Услуги привлечения профессионального партнёра при родах из числа сотрудников Предприятия | C26: услуга | D26: 30000
A27: PAR 02 | B27: Услуги привлечения профессионального партнёра при родах иного выбранного лица | C27: услуга | D27: 20000
B28: =[84]Калькуляция!B19 -> Консультативный прием | G28: на дому
A29: KON 01 | B29: Консультативный прием терапевта | C29: услуга | D29: =3683.78+1 -> 3684.78 | F29: 3683.78 | G29: =F29*2 -> 7367.56
A30: KON 01 | B30: Консультативный прием педиатра | C30: услуга | D30: =3683.78+1 -> 3684.78 | F30: 3683.78 | G30: =F30*2 -> 7367.56
A31: KON 01 | B31: Консультативный прием гастроэтеролога | C31: услуга | D31: =4074.32+1 -> 4075.32 | F31: 4074.32 | G31: =F31*2 -> 8148.64
A32: KON 01 | B32: Консультативный прием эндокринолога | C32: услуга | D32: =3905.92+4 -> 3909.92 | F32: 3905.92 | G32: =F32*2 -> 7811.84
A33: KON 01 | B33: Консультативный прием невропотолога | C33: услуга | D33: =3905.92+4 -> 3909.92 | F33: 3905.92 | G33: =F33*2 -> 7811.84
A34: KON 01 | B34: Консультативный прием ревматолога | C34: услуга | D34: =3905.92+4 -> 3909.92 | F34: 3905.92 | G34: =F34*2 -> 7811.84
A35: KON 01 | B35: Консультативный прием пульмонолога | C35: услуга | D35: =3905.92+4 -> 3909.92 | F35: 3905.92 | G35: =F35*2 -> 7811.84
A36: KON 01 | B36: Консультативный прием кардиолога | C36: услуга | D36: =3947.62+2 -> 3949.62 | F36: 3947.62 | G36: =F36*2 -> 7895.24
A37: KON 01 | B37: Консультативный прием аллерголога | C37: услуга | D37: =3905.92+4 -> 3909.92 | F37: 3905.92 | G37: =F37*2 -> 7811.84
A38: KON 01 | B38: Консультативный прием нефролога | C38: услуга | D38: =3905.92+4 -> 3909.92 | F38: 3905.92 | G38: =F38*2 -> 7811.84
A39: KON 01 | B39: Консультативный прием инфекциониста | C39: услуга | D39: =3921.88-2 -> 3919.88 | F39: 3921.88 | G39: =F39*2 -> 7843.76
A40: KON 01 | B40: Консультативный прием сосудистого хирурга | C40: услуга | D40: 4350.44 | F40: 4350.44 | G40: =F40*2 -> 8700.88
A41: KON 01 | B41: Консультативный прием гематолога | C41: услуга | D41: =5101.19-1 -> 5100.19 | F41: 5101.19 | G41: =F41*2 -> 10202.38
A42: KON 02 | B42: Консультативный прием акушера-гинеколога | C42: услуга | D42: 4134.88 | F42: 4134.88 | G42: =F42*2 -> 8269.76
A43: KON 02 | B43: Консультативный прием онколога | C43: услуга | D43: 4350.44 | F43: 4350.44 | G43: =F43*2 -> 8700.88
A44: KON 02 | B44: Консультативный прием маммолога | C44: услуга | D44: =3905.92+4 -> 3909.92 | F44: 3905.92 | G44: =F44*2 -> 7811.84
A45: KON 02 | B45: Консультативный прием офтальмолога | C45: услуга | D45: =3905.92+4 -> 3909.92 | F45: 3905.92 | G45: =F45*2 -> 7811.84
A46: KON 02 | B46: Консультативный прием профпатолога | C46: услуга | D46: =3837.45+3 -> 3840.45 | F46: 3837.45 | G46: =F46*2 -> 7674.9
A47: KON 02 | B47: Консультативный прием профпатолога кандидата медицинских наук, Досыбаева Г.Н. | C47: услуга | D47: =3837.45+3 -> 3840.45 | F47: 3837.45 | G47: =F47*2 -> 7674.9
A48: KON 02 | B48: Консультативный прием проктолога | C48: услуга | D48: =3905.92+4 -> 3909.92 | F48: 3905.92 | G48: =F48*2 -> 7811.84
A49: KON 02 | B49: Консультативный прием хирурга | C49: услуга | D49: =4182.04-2 -> 4180.04 | F49: 4182.04 | G49: =F49*2 -> 8364.08
A50: KON 02 | B50: Консультативный прием уролога | C50: услуга | D50: =3905.92+4 -> 3909.92 | F50: 3905.92 | G50: =F50*2 -> 7811.84
A51: KON 02 | B51: Консультативный прием оториноларинголога | C51: услуга | D51: =3905.92+4 -> 3909.92 | F51: 3905.92 | G51: =F51*2 -> 7811.84
A52: KON 02 | B52: Консультативный прием стомотолога | C52: услуга | D52: =3950.97-1 -> 3949.97 | F52: 3950.97 | G52: =F52*2 -> 7901.94
A53: KON 03 | B53: Повторный консультативный прием в течении 7 календарных дней | C53: услуга | D53: 2500 | G53: =F53*2 -> 0
A54: =Калькуляция!A20 -> KON 04 | B54: =Калькуляция!B20 -> Консультация нейрохирурга | C54: услуга | D54: =4182.04-2 -> 4180.04 | F54: 4182.04 | G54: =F54*2 -> 8364.08
A55: KON 04 | B55: Консультация нейрохирурга кандидата медицинских наук, Phd Медетова Е.Ж. | C55: услуга | D55: 15000 | F55: 4182.04 | G55: =F55*2 -> 8364.08
A56: KON 05 | B56: Консультация терапевта Позилова Б.Д. | C56: услуга | D56: 10000 | F56: 3683.78 | G56: =F56*2 -> 7367.56
B57: =[84]хронометраж!A11 -> Консультативный прием на дому
A58: KON 01 | B58: Консультативный прием терапевта | C58: услуга | D58: =D29*2 -> 7369.56 | F58: 3683.78 | G58: =F58*2 -> 7367.56
A59: KON 01 | B59: Консультативный прием педиатра | C59: услуга | D59: =D30*2 -> 7369.56 | F59: 3683.78 | G59: =F59*2 -> 7367.56
A60: KON 01 | B60: Консультативный прием гастроэтеролога | C60: услуга | D60: =D31*2-1 -> 8149.64 | F60: 4074.32 | G60: =F60*2 -> 8148.64
A61: KON 01 | B61: Консультативный прием эндокринолога | C61: услуга | D61: =D32*2 -> 7819.84 | F61: 3905.92 | G61: =F61*2 -> 7811.84
A62: KON 01 | B62: Консультативный прием невропотолога | C62: услуга | D62: =D33*2 -> 7819.84 | F62: 3905.92 | G62: =F62*2 -> 7811.84
A63: KON 01 | B63: Консультативный прием ревматолога | C63: услуга | D63: =D34*2 -> 7819.84 | F63: 3905.92 | G63: =F63*2 -> 7811.84
A64: KON 01 | B64: Консультативный прием пульмонолога | C64: услуга | D64: =D35*2 -> 7819.84 | F64: 3905.92 | G64: =F64*2 -> 7811.84
A65: KON 01 | B65: Консультативный прием кардиолога | C65: услуга | D65: =D36*2+1 -> 7900.24 | F65: 3947.62 | G65: =F65*2 -> 7895.24
A66: KON 01 | B66: Консультативный прием аллерголога | C66: услуга | D66: =D37*2 -> 7819.84 | F66: 3905.92 | G66: =F66*2 -> 7811.84
A67: KON 01 | B67: Консультативный прием нефролога | C67: услуга | D67: =D38*2 -> 7819.84 | F67: 3905.92 | G67: =F67*2 -> 7811.84
A68: KON 01 | B68: Консультативный прием инфекциониста | C68: услуга | D68: =D39*2 -> 7839.76 | F68: 3921.88 | G68: =F68*2 -> 7843.76
A69: KON 01 | B69: Консультативный прием сосудистого хирурга | C69: услуга | D69: =D40*2-1 -> 8699.88 | F69: 4350.44 | G69: =F69*2 -> 8700.88
A70: KON 01 | B70: Консультативный прием гематолога | C70: услуга | D70: =D41*2 -> 10200.38 | F70: 5101.19 | G70: =F70*2 -> 10202.38
A71: KON 02 | B71: Консультативный прием акушера-гинеколога | C71: услуга | D71: =D42*2 -> 8269.76 | F71: 4134.88 | G71: =F71*2 -> 8269.76
A72: KON 02 | B72: Консультативный прием онколога | C72: услуга | D72: =D43*2-1 -> 8699.88 | F72: 4350.44 | G72: =F72*2 -> 8700.88
A73: KON 02 | B73: Консультативный прием маммолога | C73: услуга | D73: =D44*2 -> 7819.84 | F73: 3905.92 | G73: =F73*2 -> 7811.84
A74: KON 02 | B74: Консультативный прием офтальмолога | C74: услуга | D74: =D45*2 -> 7819.84 | F74: 3905.92 | G74: =F74*2 -> 7811.84
A75: KON 02 | B75: Консультативный прием профпатолога | C75: услуга | D75: =D46*2-1 -> 7679.9 | F75: 3837.45 | G75: =F75*2 -> 7674.9
A76: KON 02 | B76: Консультативный прием профпатолога кандидата медицинских наук, Досыбаева Г.Н. | C76: услуга | D76: =D47*2-1 -> 7679.9 | F76: 3837.45 | G76: =F76*2 -> 7674.9
A77: KON 02 | B77: Консультативный прием проктолога | C77: услуга | D77: =D48*2 -> 7819.84 | F77: 3905.92 | G77: =F77*2 -> 7811.84
A78: KON 02 | B78: Консультативный прием хирурга | C78: услуга | D78: =D49*2 -> 8360.08 | F78: 4182.04 | G78: =F78*2 -> 8364.08
A79: KON 02 | B79: Консультативный прием уролога | C79: услуга | D79: =D50*2 -> 7819.84 | F79: 3905.92 | G79: =F79*2 -> 7811.84
A80: KON 02 | B80: Консультативный прием оториноларинголога | C80: услуга | D80: =D51*2 -> 7819.84 | F80: 3905.92 | G80: =F80*2 -> 7811.84
A81: KON 02 | B81: Консультативный прием стомотолога | C81: услуга | D81: =D52*2 -> 7899.94 | F81: 3950.97 | G81: =F81*2 -> 7901.94
B82: =[84]Калькуляция!B26 -> Медицинский осмотр
A83: =[84]Калькуляция!A27 -> MOO 01 | B83: Медицинское обследование лиц, поступающих на учебу, работу по форме №075/У (терапевт, хирург, лор, невропатолог, офтальмолог, профпатолог, флюрография) обследование на яйца гельминтов, на сифилис по профилю | C83: услуга | D83: =[84]Калькуляция!M27 -> 4000
B84: =Калькуляция!B26 -> Рентген
A85: =Калькуляция!A27 -> REN 01 | B85: =Калькуляция!B27 -> Рентгенография таза | C85: услуга | D85: 1790.46 | F85: 1790.46
A86: =Калькуляция!A28 -> REN 02 | B86: =Калькуляция!B28 -> R-графия тазобедренного сустава | C86: услуга | D86: 2090.29 | F86: 2090.29
A87: =Калькуляция!A29 -> REN 03 | B87: =Калькуляция!B29 -> R-графия лёгких (обзорная) | C87: услуга | D87: =1786.21-1 -> 1785.21
A88: =Калькуляция!A30 -> REN 04 | B88: =Калькуляция!B30 -> R-графия лёгких (боковая) | C88: услуга | D88: 2059.71
A89: =Калькуляция!A31 -> REN 05 | B89: =Калькуляция!B31 -> R-графия брюшной полости | C89: услуга | D89: =2013.83-4 -> 2009.83 | F89: 2013.83
A90: =Калькуляция!A32 -> REN 06 | B90: =Калькуляция!B32 -> Внутривенная урография | C90: услуга | D90: 12659.86 | F90: 12659.86
A91: =Калькуляция!A33 -> REN 07 | B91: =Калькуляция!B33 -> R-графия грудного отдела позвоночника ( в 1 проекции) | C91: услуга | D91: =1786.21+4 -> 1790.21 | F91: 1786.21
A92: =Калькуляция!A34 -> REN 08 | B92: =Калькуляция!B34 -> R-графия грудного отдела позвоночника ( в 2 проекции) | C92: услуга | D92: 2059.71 | F92: 2059.71
A93: =Калькуляция!A35 -> REN 09 | B93: =Калькуляция!B35 -> R-графия черепа ( в 1 проекции) | C93: услуга | D93: =1716.74+3 -> 1719.74 | F93: 1716.74
A94: =Калькуляция!A36 -> REN 10 | B94: =Калькуляция!B36 -> R-графия черепа ( в 2 проекциях) | C94: услуга | D94: =3083.21-3 -> 3080.21 | F94: 3083.21
A95: =Калькуляция!A37 -> REN 11 | B95: =Калькуляция!B37 -> R-графия пояснично-крестцового отдела позвоночника ( в 1 проекции) | C95: услуга | D95: =2467.33+3 -> 2470.33 | F95: 2467.33
A96: =Калькуляция!A38 -> REN 12 | B96: =Калькуляция!B38 -> R-графия пояснично-крестцового отдела позвоночника ( в 2 проекциях) | C96: услуга | D96: =2467.33+3 -> 2470.33 | F96: 2467.33
A97: =Калькуляция!A39 -> REN 13 | B97: =Калькуляция!B39 -> R-графия шейного отдела позвоночника ( в 1 проекции) | C97: услуга | D97: 2059.71 | F97: 2059.71
A98: =Калькуляция!A40 -> REN 14 | B98: =Калькуляция!B40 -> R-графия шейного отдела позвоночника ( в 2 проекциях) | C98: услуга | D98: =2221.19-1 -> 2220.19 | F98: 2221.19
A99: =Калькуляция!A41 -> REN 15 | B99: =Калькуляция!B41 -> R-графия трубчатых костей ( в 1 проекциях) | C99: услуга | D99: =2090.29 -> 2090.29
A100: =Калькуляция!A42 -> REN 16 | B100: =Калькуляция!B42 -> R-графия трубчатых костей ( в 2 проекциях) | C100: услуга | D100: =2090.29 -> 2090.29
A101: =Калькуляция!A43 -> REN 17 | B101: =Калькуляция!B43 -> R-графия коленного сустава ( в 1 проекции ) | C101: услуга | D101: 2090.29 | F101: 2090.29
A102: =Калькуляция!A44 -> REN 18 | B102: =Калькуляция!B44 -> R-графия коленного сустава ( в 2 проекциях ) | C102: услуга | D102: 2090.29 | F102: 2090.29
A103: =Калькуляция!A45 -> REN 19 | B103: =Калькуляция!B45 -> R-графия голеностопного сустава ( в 1 проекции ) | C103: услуга | D103: 2090.29 | F103: 2090.29
A104: =Калькуляция!A46 -> REN 20 | B104: =Калькуляция!B46 -> R-графия голеностопного сустава ( в 2 проекциях ) | C104: услуга | D104: 2090.29 | F104: 2090.29
...
